Workbook

Sheet РУПУиА
A1: План учебного процесса
A2: Индекс | B2: Наименование модулей и видов учебной деятельности | C2: Наименование дисциплин | D2: Кредит саны / Количество кредитов | E2: Форма контроля | H2: обьем учебного времени
E3: по семестрам | H3: Всего | I3: в том числе | M3: Распределение по курсам и семестрам
E4: Экзамен | F4: дифференцированный зачет | G4: конртольные работы | I4: теоретические | J4: лаборатонро-практические | K4: Курсовой проект /работа | L4: Производственное обучение/профессиональная практика | M4: 1 курс | Q4: 2 курс | U4: 3 курс
M5: 1 сем. | O5: 2 сем. | Q5: 3 сем. | S5: 4 сем. | U5: 5 сем. | W5: 6 сем.
N6: 20 | P6: 16 | R6: 6 | T6: 8 | V6: 8 | X6: 6
A7: 1 | B7: 2 | C7: 3 | E7: 4 | F7: 5 | H7: 8 | I7: 9 | K7: 10 | L7: 11 | M7: 12 | N7: 13 | O7: 14 | P7: 15 | Q7: 16 | R7: 17 | S7: 18 | T7: 19 | U7: 20 | V7: 21 | W7: 22 | X7: 23
A8: ООД00 | B8: Модуль "Общеобразовательные дисциплины" | D8: =D10+D11+D12+D13+D14+D15+D16+D17+D18+D19+D22+D23+D25+D26 -> 57 | E8: =E10+E11+E12+E13+E14+E15+E16+E17+E18+E19+E22+E23+E25+E26 -> 10 | F8: =F10+F11+F12+F13+F14+F15+F16+F17+F18+F19+F22+F23+F25+F26 -> 0 | G8: =G10+G11+G12+G13+G14+G15+G16+G17+G18+G19+G22+G23+G25+G26 -> 0 | H8: =H10+H11+H12+H13+H14+H15+H16+H17+H18+H19+H22+H23+H25+H26 -> 1368 | I8: =I10+I11+I12+I13+I14+I15+I16+I17+I18+I19+I22+I23+I25+I26 -> 0 | J8: =J10+J11+J12+J13+J14+J15+J16+J17+J18+J19+J22+J23+J25+J26 -> 0 | K8: =K10+K11+K12+K13+K14+K15+K16+K17+K18+K19+K22+K23+K25+K26 -> 0 | ... X8: =X10+X11+X12+X13+X14+X15+X16+X17+X18+X19+X22+X23+X25+X26 -> 0
B9: Обьязательные предметы
A10: ООД01 | C10: Русский язык | D10: 4 | E10: 2 | H10: =N10+P10+R10 -> 96 | M10: 4 | N10: 80 | O10: 1 | P10: 16
A11: ООД02 | C11: Русская литература | D11: 4 | H11: =N11+P11+R11 -> 96 | M11: 4 | N11: 80 | O11: 1 | P11: 16
A12: ООД03 | C12: Казахский язык и литература | D12: 5 | E12: 2 | H12: =N12+P12+R12 -> 120 | M12: 2 | N12: 40 | O12: 5 | P12: 80
A13: ООД04 | C13: Иностранный язык | D13: 4 | H13: =N13+P13+R13 -> 96 | M13: 4 | N13: 80 | O13: 1 | P13: 16
A14: ООД05 | C14: История Казахстана | D14: 4 | E14: 2 | H14: =N14+P14+R14 -> 96 | M14: 4 | N14: 80 | O14: 1 | P14: 16
A15: ООД06 | C15: Математика | D15: 5 | E15: 2 | H15: =N15+P15+R15 -> 120 | M15: 2 | N15: 40 | O15: 5 | P15: 80
A16: ООД07 | C16: Информатика | D16: 3 | H16: =N16+P16+R16 -> 72 | M16: 2 | N16: 40 | O16: 2 | P16: 32
A17: ООД08 | C17: Начальная военная и технологическая подготовка | D17: 3 | H17: =N17+P17+R17 -> 72 | M17: 2 | N17: 40 | O17: 2 | P17: 32
A18: ООД09 | C18: Самопознание | D18: 2 | H18: =N18+P18+R18 -> 48 | O18: 3 | P18: 48
A19: ООД10 | C19: Физическая культура | D19: 5 | H19: =N19+P19+R19 -> 120 | M19: 2 | N19: 40 | O19: 5 | P19: 80
B20: Предметы по выбору | H20: =N20+P20+R20 -> 0
B21: Углубленный уровень : | H21: =N21+P21+R21 -> 0
A22: ООД11 | C22: Биология | D22: 6 | E22: 2 | H22: =N22+P22+R22 -> 144 | M22: 4 | N22: 80 | O22: 4 | P22: 64
A23: ООД12 | C23: Всемирная история | D23: 6 | H23: =N23+P23+R23 -> 144 | M23: 4 | N23: 80 | O23: 4 | P23: 64
B24: Стандартный уровень: | H24: =N24+P24+R24 -> 0
A25: ООД13 | C25: Физика | D25: 3 | H25: =N25+P25+R25 -> 72 | M25: =M16 -> 2 | N25: =N16 -> 40 | O25: =O16 -> 2 | P25: 32
A26: ООД14 | C26: Графика и проектирование | D26: 3 | H26: 72 | Q26: 8 | R26: 48 | S26: 3 | T26: 24
A27: БМ | B27: Базовые модули | D27: =D28+D29+D30+D31+D32+D33+D34+D35+D36+D37+D38+D39+D40+D41+D42+D43 -> 13 | E27: =E28+E29+E30+E31+E32+E33+E34+E35+E36+E37+E38+E39+E40+E41+E42+E43 -> 0 | F27: =F28+F29+F30+F31+F32+F33+F34+F35+F36+F37+F38+F39+F40+F41+F42+F43 -> 0 | G27: =G28+G29+G30+G31+G32+G33+G34+G35+G36+G37+G38+G39+G40+G41+G42+G43 -> 0 | H27: =H28+H29+H30+H31+H32+H33+H34+H35+H36+H37+H38+H39+H40+H41+H42+H43 -> 324 | I27: =I28+I29+I30+I31+I32+I33+I34+I35+I36+I37+I38+I39+I40+I41+I42+I43 -> 0 | J27: =J28+J29+J30+J31+J32+J33+J34+J35+J36+J37+J38+J39+J40+J41+J42+J43 -> 0 | K27: =K28+K29+K30+K31+K32+K33+K34+K35+K36+K37+K38+K39+K40+K41+K42+K43 -> 0 | ... X27: =X28+X29+X30+X31+X32+X33+X34+X35+X36+X37+X38+X39+X40+X41+X42+X43 -> 132
A28: БМ 01 | B28: Развитие и совершенствование физических качеств | C28: РО 1.1. Укреплять здоровье и соблюдать принципы здорового образа жизни. РО 1.2. Совершенствовать физические качества и психофизиологические способности (Физическая культура) | D28: 3.5 | H28: =N28+P28+R28+T28+V28+X28 -> 84 | Q28: 4 | R28: 24 | S28: 3 | T28: 24 | U28: 3 | V28: 24 | W28: 2 | X28: 12
A29: БМ 02 | B29: Применение информационно-коммуникационных и цифровых технологий | C29: РО 2.1. Владеть основами информационно-коммуникационных технологий РО 2.2. Использовать услуги информационно-справочных и интерактивных веб-порталов (Информацимонно-коммуникационные технологии и цифровая грамотность) | D29: 1 | H29: =N29+P29+R29+T29+V29+X29 -> 24 | W29: 4 | X29: 24
C30: Учебная практика по применению информационно-коммуникационных и цифровых технологий | L30: 36
C31: Профессиональная практика по применению информационно-коммуникационных и цифровых технологий | L31: 144
C32: РО 2.1. Владеть основами информационно-коммуникационных технологий РО 2.2. Использовать услуги информационно-справочных и интерактивных веб-порталов (Информацимонно-коммуникационные технологии и цифровая грамотность) | D32: 1 | H32: =N32+P32+R32+T32+V32+X32 -> 24 | W32: 4 | X32: 24
A33: БМ 03 | B33: Применение базовых знаний экономики и основ предпринимательства | C33: РО 3.1. Владеть основными вопросами в области экономической теории (Основы экономической теории) | D33: 1 | H33: =N33+P33+R33+T33+V33+X33 -> 24 | S33: 3 | T33: 24
C34: РО 3.2. Анализировать и оценивать экономические процессы, происходящие на предприятии (Экономика организации) (РО3.3?) | D34: 1 | H34: =N34+P34+R34+T34+V34+X34 -> 24 | U34: 3 | V34: 24
C35: РО 3.3. Понимать тенденции развития мировой экономики, основные задачи перехода государства к «зеленой» экономике. (Зеленая экономика) (РО 3.2.?) | D35: 0.5 | H35: =N35+P35+R35+T35+V35+X35 -> 12 | W35: 2 | X35: 12
C36: РО 3.4. Владеть научными и законодательными основами организации и ведения предпринимательской деятельности в Республике Казахстан (Основы предпринимательской деятельности) | D36: 0.5 | H36: =N36+P36+R36+T36+V36+X36 -> 12 | W36: 2 | X36: 12
C37: РО 3.5. Соблюдать этику делового общения (Этика деловых отношений) | D37: 0.5 | H37: =N37+P37+R37+T37+V37+X37 -> 12 | W37: 2 | X37: 12
A38: БМ 04 | B38: Применение основ социальных наук для социализации и адаптации в обществе и трудовом коллективе | C38: РО 4.1. Понимать морально-нравственные ценности и нормы, формирующие толерантность и активную личностную позицию (Основы философии) | D38: 0.5 | H38: =N38+P38+R38+T38+V38+X38 -> 24 | U38: 3 | V38: 24
C39: РО 4.2. Понимать роль и место культуры народов Республики Казахстан в мировой цивилизации (Культурология) | D39: 0.5 | H39: =N39+P39+R39+T39+V39+X39 -> 12 | W39: 2 | X39: 12
C40: РО 4.4. Владеть основными понятиями социологии и политологии (Основы социологии и политологии) | D40: 0.5 | H40: =N40+P40+R40+T40+V40+X40 -> 12 | W40: 2 | X40: 12
A41: БМ 05 | B41: Применение профессиональной лексики | C41: Профессионапьный казахский язык | D41: 1 | H41: =N41+P41+R41+T41+V41+X41 -> 24 | U41: 3 | V41: 24
B42: Применение профессиональной лексики | C42: Профессионапьный иностранный язык | D42: 0.5 | H42: =N42+P42+R42+T42+V42+X42 -> 12 | W42: 2 | X42: 12
A43: БМ 06 | B43: Составление деловых бумаг на государственном языке | C43: Делопроизводство на государственном языке | D43: 1 | H43: =N43+P43+R43+T43+V43+X43 -> 24 | U43: 3 | V43: 24
C44: Квалификация «3W04110101 -Бухгалтер-кассир»
B45: Профессиональные модули | D45: =D46+D47+D48+D49+D50+D51+D52+D53+D55+D56+D57+D58+D59+D60+D61+D62+D63+D64+D65+D66+D67+D68+D69 -> 14 | E45: =E46+E47+E48+E49+E50+E51+E52+E53+E55+E56+E57+E58+E59+E60+E61+E62+E63+E64+E65+E66+E67+E68+E69 -> 0 | F45: =F46+F47+F48+F49+F50+F51+F52+F53+F55+F56+F57+F58+F59+F60+F61+F62+F63+F64+F65+F66+F67+F68+F69 -> 0 | G45: =G46+G47+G48+G49+G50+G51+G52+G53+G55+G56+G57+G58+G59+G60+G61+G62+G63+G64+G65+G66+G67+G68+G69 -> 0 | H45: =H46+H47+H48+H49+H50+H51+H52+H53+H55+H56+H57+H58+H59+H60+H61+H62+H63+H64+H65+H66+H67+H68+H69 -> 336 | I45: =I46+I47+I48+I49+I50+I51+I52+I53+I55+I56+I57+I58+I59+I60+I61+I62+I63+I64+I65+I66+I67+I68+I69 -> 0 | J45: =J46+J47+J48+J49+J50+J51+J52+J53+J55+J56+J57+J58+J59+J60+J61+J62+J63+J64+J65+J66+J67+J68+J69 -> 0 | K45: =K46+K47+K48+K49+K50+K51+K52+K53+K55+K56+K57+K58+K59+K60+K61+K62+K63+K64+K65+K66+K67+K68+K69 -> 0 | ... X45: =X46+X47+X48+X49+X50+X51+X52+X53+X55+X56+X57+X58+X59+X60+X61+X62+X63+X64+X65+X66+X67+X68+X69 -> 0
A46: ПМ 01 | B46: Работа с первичными документами и контроль за их движением | C46: РО 1.1. Организовывать рабочее место с учетом требований техники безопасности и охраны труда, производственной санитарии ( Основы права и охрана труда) | D46: 1 | H46: =N46+P46+R46+T46+V46+X46 -> 24 | Q46: 4 | R46: 24
C47: РО 1.2. Применять нормативные правовые акты в области бухгалтерского учета (Основы бухгалтерского учета) | D47: 1 | H47: =N47+P47+R47+T47+V47+X47 -> 24 | Q47: 4 | R47: 24
C48: РО 1.3. Применять методы и формы бухгалтерского учета в организации (Основы бухгалтерского учета) | D48: 1.5 | H48: =N48+P48+R48+T48+V48+X48 -> 36 | Q48: 6 | R48: 36
C49: РО 1.4. Осуществлять прием и проверку правильности оформления первичных документов (Основы бухгалтерского учета) | D49: 0.5 | H49: =N49+P49+R49+T49+V49+X49 -> 12 | Q49: 2 | R49: 12
C50: РО 1.5. Оформлять первичные документы в соответствии с нормативными требованиями (инструкциями) (Основы бухгалтерского учета) | D50: 0.5 | H50: =N50+P50+R50+T50+V50+X50 -> 12 | Q50: 2 | R50: 12
C51: РО 1.6. Организовать документооборот (Основы бухгалтерского учета) | D51: 0.5 | H51: =N51+P51+R51+T51+V51+X51 -> 12 | Q51: 2 | R51: 12
A52: ПМ 02 | B52: Учет операций, связанных с движением денежных средств и их эквивалентов | C52: РО 2.1. Осуществлять операции по приему, учету, выдаче и хранению денежных средств и их эквивалентов с обязательным соблюдением порядка, обеспечивающего их сохранность (Финансовый учет) | D52: 1 | H52: =N52+P52+R52+T52+V52+X52 -> 24 | Q52: 4 | R52: 24
C53: РО 2.2. Отражать на счетах бухгалтерские операции, связанные с движением денежных средств в кассе (Финансовый учет) | D53: 1 | H53: =N53+P53+R53+T53+V53+X53 -> 24 | S53: 3 | T53: 24
C54: РО 2.3. Участвовать в проведении учета денежных средств на расчетных, и специальных счетах в банка (Финансовый учет) | D54: 1 | H54: =N54+P54+R54+T54+V54+X54 -> 24 | S54: 3 | T54: 24
C55: РО 2.4.Составлять кассовую отчетность (Финансовый учет) | D55: 1 | H55: =N55+P55+R55+T55+V55+X55 -> 24 | S55: 3 | T55: 24
C56: РО 2.5.Осуществлять учет с подотчетными лицами (Финансовый учет) | D56: 1 | H56: =N56+P56+R56+T56+V56+X56 -> 24 | S56: 3 | T56: 24
C57: Учебная практика по учету операций, связанных с движением денежных средств и их эквивалентов | H57: =N57+P57+R57+T57+V57+X57 -> 0 | L57: 36
C58: Профессиональная практика практика по учету операций, связанных с движением денежных средств и их эквивалентов | H58: =N58+P58+R58+T58+V58+X58 -> 0 | L58: 108
A59: ПМ 03 | B59: Учет заработной платы, пособий и иных выплат работникам | C59: РО 3.1. Исчислять оплату труда при отдельных режимах работы/ РО 3.2. Осуществлять документальное оформление расчета заработной платы (Финансовый учет) | D59: 1 | H59: =N59+P59+R59+T59+V59+X59 -> 24 | S59: 3 | T59: 24
C60: РО 3.3. Участвовать при расчете средней заработной платы и суммы отпускных РО 3.4. Осуществлять расчет больничных и компенсации по неиспользованию отпуска (Финансовый учет) | D60: 1 | H60: =N60+P60+R60+T60+V60+X60 -> 24 | S60: 3 | T60: 24
C61: РО 3.5. Осуществлять учет вознаграждений и удержаний РО 3.6. Начислять, удерживать и перечислять налоги, обязательные взносы определенные законодательством для уплаты в бюджет )(Финансовый учет) | D61: 1 | H61: =N61+P61+R61+T61+V61+X61 -> 24 | S61: 3 | T61: 24
C62: Учебная практика по учету Учет заработной платы, пособий и иных выплат работникам | H62: =N62+P62+R62+T62+V62+X62 -> 0 | L62: 36
C63: Профессиональная практика практика по учету заработной платы, пособий и иных выплат работникам | H63: =N63+P63+R63+T63+V63+X63 -> 0 | L63: 108
A64: ПМ 04 | B64: ПМ 4. Участие в инвентаризации | C64: РО 4.1. Участвовать при проведении инвентаризации имущества и обязательств организации | D64: 1 | H64: =N64+P64+R64+T64+V64+X64 -> 24 | S64: 3 | T64: 24
C65: РО 4.2. Осуществлять бухгалтерские проводки, отражающие операции по инвентаризации имущества и обязательств организации | D65: 1 | H65: =N65+P65+R65+T65+V65+X65 -> 24 | S65: 3 | T65: 24
C66: Учебная практика по инвентаризации | H66: =N66+P66+R66+T66+V66+X66 -> 0 | L66: 18
C67: Профессиональная практика по инвентаризации | H67: =N67+P67+R67+T67+V67+X67 -> 0 | L67: 72
C68: Учебная практика по Квалификации«3W04110101 -Бухгалтер-кассир» | H68: =N68+P68+R68+T68+V68+X68 -> 0 | L68: 36
C69: Профессиональная практика по Квалификации«3W04110101 -Бухгалтер-кассир» | H69: =N69+P69+R69+T69+V69+X69 -> 0 | L69: 216
C70: Квалификация «4S04110102- Бухгалтер»
B71: Профессиональные модули | D71: =D72+D73+D74+D75+D76+D77+D78+D79+D80+D81+D82+D83+D84+D85+D86+D87+D88+D89+D90+D91+D92+D93+D94+D95+D96+D97+D98 -> 11.5 | E71: =E72+E73+E74+E75+E76+E77+E78+E79+E80+E81+E82+E83+E84+E85+E86+E87+E88+E89+E90+E91+E92+E93+E94+E95+E96+E97+E98 -> 0 | F71: =F72+F73+F74+F75+F76+F77+F78+F79+F80+F81+F82+F83+F84+F85+F86+F87+F88+F89+F90+F91+F92+F93+F94+F95+F96+F97+F98 -> 0 | G71: =G72+G73+G74+G75+G76+G77+G78+G79+G80+G81+G82+G83+G84+G85+G86+G87+G88+G89+G90+G91+G92+G93+G94+G95+G96+G97+G98 -> 0 | H71: =H72+H73+H74+H75+H76+H77+H78+H79+H80+H81+H82+H83+H84+H85+H86+H87+H88+H89+H90+H91+H92+H93+H94+H95+H96+H97+H98 -> 276 | I71: =I72+I73+I74+I75+I76+I77+I78+I79+I80+I81+I82+I83+I84+I85+I86+I87+I88+I89+I90+I91+I92+I93+I94+I95+I96+I97+I98 -> 0 | J71: =J72+J73+J74+J75+J76+J77+J78+J79+J80+J81+J82+J83+J84+J85+J86+J87+J88+J89+J90+J91+J92+J93+J94+J95+J96+J97+J98 -> 0 | K71: =K72+K73+K74+K75+K76+K77+K78+K79+K80+K81+K82+K83+K84+K85+K86+K87+K88+K89+K90+K91+K92+K93+K94+K95+K96+K97+K98 -> 0 | ... X71: =X72+X73+X74+X75+X76+X77+X78+X79+X80+X81+X82+X83+X84+X85+X86+X87+X88+X89+X90+X91+X92+X93+X94+X95+X96+X97+X98 -> 108
A72: ПМ 01 | B72: Документирование хозяйственных операций и ведение бухгалтерского учета активов организации | C72: РО 1.2. Обрабатывать первичные бухгалтерские документы (Финансовый учет) | D72: 1 | H72: =N72+P72+R72+T72+V72+X72 -> 24 | U72: 3 | V72: 24
C73: РО 1.3. Участвовать в работе по подготовке рабочего плана счетов, форм первичных документов, применяемых для оформления хозяйственных операций (Финансовый учет) | D73: 1 | H73: =N73+P73+R73+T73+V73+X73 -> 24 | U73: 3 | V73: 24
C74: РО 1.4.Вести учет и формировать бухгалтерские проводки активов организации (Финансовый учет) | D74: 1 | H74: =N74+P74+R74+T74+V74+X74 -> 24 | U74: 3 | V74: 24
C75: Учебная практика по Документированию хозяйственных операций и ведение бухгалтерского учета активов организации | H75: =N75+P75+R75+T75+V75+X75 -> 0 | L75: 36
C76: Профессиональная практика по Документированию хозяйственных операций и ведение бухгалтерского учета активов организации | H76: =N76+P76+R76+T76+V76+X76 -> 0 | L76: 72
A77: ПМ 02 | B77: Ведение бухгалтерского учета источников формирования активов и выполнение работ по инвентаризации активов и финансовых обязательств организации | C77: РО 2.1.Вести учет источников формирования активов и составлять бухгалтерские проводки (Финансовый учет) | D77: 1 | H77: =N77+P77+R77+T77+V77+X77 -> 24 | U77: 3 | V77: 24
C78: РО 2.2.Выполнять работу по инвентаризации и отражать ее результаты в бухгалтерских проводках (Финансовый учет) | D78: 1 | H78: =N78+P78+R78+T78+V78+X78 -> 24 | U78: 3 | V78: 24
C79: РО 2.3.Осуществлять сбор информации о деятельности объекта внутреннего контроля по выполнению требований правовой и нормативной базы и внутренних регламентов (Ревиизя и контроль) | D79: 0.5 | H79: =N79+P79+R79+T79+V79+X79 -> 12 | W79: 2 | X79: 12
C80: РО 2.4.Выполнять контрольные процедуры и их документирование, готовить и оформлять завершающие материалы по результатам внутреннего контроля (Ревиизя и контроль) | D80: 0.5 | H80: =N80+P80+R80+T80+V80+X80 -> 12 | W80: 2 | X80: 12
C81: Учебная практика по учету источников формирования активов и выполнение работ по инвентаризации активов и финансовых обязательств организаци | L81: 36
C82: Профессиональная практика по учету источников формирования активов и выполнение работ по инвентаризации активов и финансовых обязательств организаци | L82: 108
A83: ПМ 03 | B83: Проведение расчетов с бюджетом и внебюджетными фондами | C83: РО 3.1.Формировать бухгалтерские проводки по начислению и перечислению налогов и сборов в бюджет. РО 3.2.Оформлять платежные документы для перечисления налогов и сборов в бюджет и контролировать их прохождение по расчетно-кассовым банковским операциям (Финансовый учет) | D83: 1 | H83: =N83+P83+R83+T83+V83+X83 -> 24 | U83: 3 | V83: 24
C84: РО 3.3.Формировать бухгалтерские проводки по начислению и перечислению обязательных отчислений и взносов. РО 3.4.Оформлять платежные документы на перечисление обязательных отчислений и взносов (Финансовый учет) | D84: 1 | H84: =N84+P84+R84+T84+V84+X84 -> 24 | U84: 3 | V84: 24
C85: РО 3.5.Применять налоговые льготы в используемой системе налогообложения при исчислении величины налогов и сборов, обязательных для уплаты (Налоги и налогообложение) | D85: 1 | H85: =N85+P85+R85+T85+V85+X85 -> 24 | W85: 4 | X85: 24
C86: Учебная практика по проведению расчетов с бюджетом и внебюджетными фондами | L86: 36
C87: Профессиональная практика по проведению расчетов с бюджетом и внебюджетными фондами | L87: 72
A88: ПМ 04 | B88: Участие в составлении бухгалтерской (финансовой) отчетности | C88: РО 4.1. Отражать нарастающим итогом на счетах бухгалтерского учета имущественное и финансовое положение организации. РО 4.2.Определять результаты хозяйственной деятельности за отчетный период. (Финансовый учет) | D88: 0.5 | H88: =N88+P88+R88+T88+V88+X88 -> 12 | W88: 2 | X88: 12
C89: РО 4.3.Участвовать в составлении (отчетов) и налоговых деклараций по налогам и сборам РО 4.4.Участвовать в составлении в установленные сроки бухгалтерской, налоговой и статистической отчетности в пределах своей компетенции (Бухгалттерская и налоговая отчетность) | D89: 0.5 | H89: =N89+P89+R89+T89+V89+X89 -> 12 | W89: 2 | X89: 12
C90: Учебная практика по составлении бухгалтерской (финансовой) отчетности | L90: 36
C91: Профессиональная практика по составлении бухгалтерской (финансовой) отчетности | L91: 72
A92: ПМ 05 | B92: Участие в комплексном анализе хозяйственно-финансовой деятельности организации и ее подразделений | C92: РО 5.1.Участвовать в проведении контроля и анализа информации об активах и финансовом положении организации, ее платежеспособности и доходности. РО 5.2.Принимать участие в составлении бизнес-плана. (Экономический анализ и анализ финансовой отчетности) | D92: 0.5 | H92: =N92+P92+R92+T92+V92+X92 -> 12 | W92: 2 | X92: 12
C93: РО 5.3.Участвовать в проведении анализа информации, полученной в ходе проведения контрольных процедур, выявление и оценку рисков (Экономический анализ и анализ финансовой отчетности) | D93: 0.5 | H93: =N93+P93+R93+T93+V93+X93 -> 12 | W93: 2 | X93: 12
C94: РО 5.4.Участвовать в проведении мониторинга устранения выявленных нарушений, недостатков и рисков. РО 5.5.Участвовать в подготовке предложений по устранению недостатков в расходовании средств, повышению эффективности производства, последовательному осуществлению режима экономии (Экономический анализ и анализ финансовой отчетности) | D94: 0.5 | H94: =N94+P94+R94+T94+V94+X94 -> 12 | W94: 2 | X94: 12
C95: Учебная практика по комплексному анализу хозяйственно-финансовой деятельности организации и ее подразделений | L95: 54
C96: Профессиональная практика по комплексному анализухозяйственно-финансовой деятельности организации и ее подразделений | L96: 108
C97: Учебная практика по Квалификация «4S04110102- Бухгалтер» | L97: 72
C98: Профессиональная практика по Квалификация «4S04110102- Бухгалтер» | L98: 216
A99: МОО 01 | B99: Модули, определяемые организацией образования | C99: Білім беру ұйымы анықтайтын модульдер | H99: =N99+P99+R99+T99+V99+X99 -> 0
B100: Дисциплина по выбору обучающихся | H100: =N100+P100+R100+T100+V100+X100 -> 0
...

Sheet РУП ИЯ)
A1: План учебного процесса
A2: Индекс | B2: Наименование модулей и видов учебной деятельности | C2: Наименование дисциплин | D2: Кредит саны / Количество кредитов | E2: Форма контроля | H2: обьем учебного времени
E3: по семестрам | H3: Всего | I3: в том числе | M3: Распределение по курсам и семестрам
E4: Экзамен | F4: дифференцированный зачет | G4: конртольные работы | I4: теоретические | J4: лаборатонро-практические | K4: Курсовой проект /работа | L4: Производственное обучение/профессиональная практика | M4: 1 курс | Q4: 2 курс | U4: 3 курс | Y4: 4 курс
M5: 1 сем. | O5: 2 сем. | Q5: 3 сем. | S5: 4 сем. | U5: 5 сем. | W5: 6 сем. | Y5: 7 сем. | AA5: 8 сем
N6: 20 | P6: 16 | R6: 8
A7: 1 | B7: 2 | C7: 3 | E7: 4 | F7: 5 | H7: 8 | I7: 9 | K7: 10 | L7: 11 | M7: 12 | N7: 13 | O7: 14 | P7: 15 | Q7: 16 | R7: 17 | S7: 18 | T7: 19 | U7: 20 | V7: 21 | W7: 22 | X7: 23 | Y7: 24 | Z7: 25 | AA7: 26 | AB7: 27
A8: ООД00 | B8: Модуль "Общеобразовательные дисциплины" | D8: 60 | H8: 1440 | AC8: преподаватель
B9: Обьязательные предметы
A10: ООД01 | C10: Русский язык | D10: 4 | E10: 2 | H10: =N10+P10+R10 -> 96 | M10: 4 | N10: 80 | O10: 1 | P10: 16 | AC10: Кожахметова Т.Р.
A11: ООД02 | C11: Русская литература | D11: 4 | H11: =N11+P11+R11 -> 96 | M11: 4 | N11: 80 | O11: 1 | P11: 16 | AC11: Кожахметова Т.Р.
A12: ООД03 | C12: Казахский язык и литература | D12: 5 | E12: 2 | H12: =N12+P12+R12 -> 120 | M12: 2 | N12: 40 | O12: 5 | P12: 80
A13: ООД04 | C13: Иностранный язык | D13: 4 | H13: =N13+P13+R13 -> 96 | M13: 4 | N13: 80 | O13: 1 | P13: 16 | AC13: Батхолдина Ш.Е.
A14: ООД05 | C14: История Казахстана | D14: 4 | E14: 2 | H14: =N14+P14+R14 -> 96 | M14: 4 | N14: 80 | O14: 1 | P14: 16 | AC14: Авдиенко Л.С
A15: ООД06 | C15: Математика | D15: 5 | E15: 2 | H15: =N15+P15+R15 -> 120 | M15: 2 | N15: 40 | O15: 5 | P15: 80 | AC15: Чекурда Г.П.
A16: ООД07 | C16: Информатика | D16: 3 | H16: =N16+P16+R16 -> 72 | M16: 2 | N16: 40 | O16: 2 | P16: 32 | AC16: ануарова Н.К.
A17: ООД08 | C17: Начальная военная и технологическая подготовка | D17: 3 | H17: =N17+P17+R17 -> 72 | M17: 2 | N17: 40 | O17: 2 | P17: 32 | AC17: Исин А.Е.
A18: ООД09 | C18: Самопознание | D18: 2 | H18: =N18+P18+R18 -> 48 | O18: 3 | P18: 48 | AC18: Кусаинова Д.Ж.
A19: ООД10 | C19: Физическая культура | D19: 5 | H19: =N19+P19+R19 -> 120 | M19: 2 | N19: 40 | O19: 5 | P19: 80
B20: Предметы по выбору | H20: =N20+P20+R20 -> 0
B21: Углубленный уровень : | H21: =N21+P21+R21 -> 0
A22: ООД11 | C22: Биология | D22: 6 | E22: 2 | H22: =N22+P22+R22 -> 144 | M22: 4 | N22: 80 | O22: 4 | P22: 64 | AC22: Ильчубаева Г.Т.
A23: ООД12 | C23: Всемирная история | D23: 6 | H23: =N23+P23+R23 -> 144 | M23: 4 | N23: 80 | O23: 4 | P23: 64 | AC23: Авдиенко Л.С.
B24: Стандартный уровень: | H24: =N24+P24+R24 -> 0
A25: ООД13 | C25: Физика | D25: 3 | H25: =N25+P25+R25 -> 72 | M25: =M16 -> 2 | N25: =N16 -> 40 | O25: =O16 -> 2 | P25: 32
A26: ООД14 | C26: Графика и проектирование | D26: 3 | H26: =N26+P26+R26 -> 72 | Q26: 9 | R26: 72
A27: БМ | B27: Базовые модули | D27: =SUM(D10:D26) -> 57 | E27: 5 | H27: =SUM(H10:H26) -> 1368 | M27: =SUM(M10:M26) -> 36 | N27: =SUM(N10:N26) -> 720 | O27: =SUM(O10:O26) -> 36 | P27: =SUM(P10:P26) -> 576 | Q27: =SUM(Q10:Q26) -> 9 | R27: =SUM(R10:R26) -> 72
A28: БМ 01 | B28: Кәсіби лексиканы қолдану | C28: Кәсіби орыс тілі
C29: Кәсіби шет тілі
A30: БМ 02 | B30: Мемлекеттік тілдегі іскерлік құжаттарды құрастыру | C30: Мемлекеттік тілде іс жүргізу
A31: БМ 03 | B31: Салауатты өмір салтын сақтай отырып, дене сапаларын дамыту | C31: Дене тәрбиесі
C32: Анатомия, физиология және гигиена
A33: БМ 04 | B33: Әлеуметтік-экономикалық ғылымдар негіздерін қолдану | C33: Экономика негіздері
C34: Философия негіздері
C35: Әлеуметтану және саясаттану негіздері
C36: Мәденииеттану
C37: Құқық негіздері
A38: БМ 05 | B38: Цифрлық сауаттылықты дамыту | C38: Ақпараттық-коммуникациялық технологиялар
A39: КМ | B39: Кәсіптік модульдер
A40: КМ 01 | B40: Оқу - тәрбие үрдісін тиімді ұйымдастыру | C40: Педагогика
C41: Психология
C42: Жаңа педагогикалық технологиялар
C43: Этнопедагогика
C44: Педагогикалық шеберліктің негіздері
C45: Сыныптан тыс жұмыс технологиясы практикасы
C46: "Баланың мектептегі алғашқы күндері" практикасы
C47: Сауықтыру лагерінде жазғы практиканы ұйымдастыру
A48: КМ 02 | B48: Бастауыш білім берудің мемлекеттік жалпыға міндетті стандартын, оқу-бағдарламалық құжаттарды пайдалану | C48: Қазіргі қазақ тілі, қазақ тілін оқыту әдістемесі, каллиграфия
C51: Математиканың теориялық негіздері және бастауыш класта математиканы оқыту әдістемесі
C53: Жаратылыстану және дүниетануды оқыту әдістемесі
C54: Өзін-өзі тану оқыту әдістемесі
C55: Дене тәрбиесі және оқыту әдістемесі, ырғақ
C57: Технология және оқыту әдістемесі
C58: Көркем еңбек және оқыту әдістемесі
C59: Музыка, музыкалық білім беру әдістемесі
C60: Балалар әдебиеті және мәнерлеп оқу практикумы
C62: Шағын жинақталған мектепте оқу-тәрбие процесін ұйымдастыру
C63: Жаратылыстану бойынша практика
C64: Диплом алды практитка
C65: Мектептегі байқау практикасы
... C67: Педагогикалық байқау практикасына дайындық
A68: КМ 03 | B68: Кәсіби қызметте ағылшын тілін пайдалану | C68: Грамматика
C69: Фонетика
C70: Елтану
A71: КМ 04 | B71: Білім алушылардың білім мазмұнын меңгеру деңгейін зерделеу, білім сапасына мониторинг жүргізу | C71: Ғылыми –педагогикалық зерттеу әдістемесі
C72: Тәрбие жұмысының әдістемесі
C73: Менеджмент негіздері
C74: Жазғы практикаға дайындық
A75: ББҰАМ | B75: Білім беру ұйымы анықтайтын модульдер | C75: Білім беру ұйымы анықтайтын модульдер
A76: ББҰАМ 01 | C76: Сындарлы оқыту әдістемесі
A77: ББҰАМ 01 | B77: Білім алушының таңдау пәні | C77: Бастауыш мектептегі шетел тілі мұғалімі
C78: Білім алушының таңдау пәні бойынша оқу практикасы
C79: Білім алушының таңдау пәні бойынша практика
A81: АА 01 | B81: Аралық аттестаттау | C81: Аралық аттестаттау
A82: ҚА 01 | B82: Қорытынды аттестаттау | C82: Қорытынды аттестаттау
A84: Міндетті оқудың қорытындысы бойынша барлық сағат саны
A85: К 00 | B85: Кеңес беру
A86: Ф 00 | B86: Факультативтік сабақтар
B87: Барлығы:
K93: Директордың оқу жұмысы бюойынша орынбасары

Sheet РУП ФВ база 9
A1: План учебного процесса
A2: Индекс | B2: Наименование модулей и видов учебной деятельности | C2: Наименование дисциплин | D2: Кредит саны / Количество кредитов | E2: Форма контроля | H2: обьем учебного времени
E3: по семестрам | H3: Всего | I3: в том числе | M3: Распределение по курсам и семестрам
E4: Экзамен | F4: дифференцированный зачет | G4: конртольные работы | I4: теоретические | J4: лаборатонро-практические | K4: Курсовой проект /работа | L4: Производственное обучение/профессиональная практика | M4: 1 курс | Q4: 2 курс | U4: 3 курс | Y4: 4 курс
M5: 1 сем. | O5: 2 сем. | Q5: 3 сем. | S5: 4 сем. | U5: 5 сем. | W5: 6 сем. | Y5: 7 сем. | AA5: 8 сем
N6: 20 | P6: 16 | R6: 8
A7: 1 | B7: 2 | C7: 3 | E7: 4 | F7: 5 | H7: 8 | I7: 9 | K7: 10 | L7: 11 | M7: 12 | N7: 13 | O7: 14 | P7: 15 | Q7: 16 | R7: 17 | S7: 18 | T7: 19 | U7: 20 | V7: 21 | W7: 22 | X7: 23 | Y7: 24 | Z7: 25 | AA7: 26 | AB7: 27
A8: ООД00 | B8: Модуль "Общеобразовательные дисциплины" | D8: 60 | H8: 1440 | AC8: преподаватель
B9: Обьязательные предметы
A10: ООД01 | C10: Русский язык | D10: 4 | E10: 2 | H10: =N10+P10+R10 -> 96 | M10: 4 | N10: 80 | O10: 1 | P10: 16 | AC10: Кожахметова Т.Р.
A11: ООД02 | C11: Русская литература | D11: 4 | H11: =N11+P11+R11 -> 96 | M11: 4 | N11: 80 | O11: 1 | P11: 16 | AC11: Кожахметова Т.Р.
A12: ООД03 | C12: Казахский язык и литература | D12: 5 | E12: 2 | H12: =N12+P12+R12 -> 120 | M12: 2 | N12: 40 | O12: 5 | P12: 80
A13: ООД04 | C13: Иностранный язык | D13: 4 | H13: =N13+P13+R13 -> 96 | M13: 4 | N13: 80 | O13: 1 | P13: 16 | AC13: Батхолдина Ш.Е.
A14: ООД05 | C14: История Казахстана | D14: 4 | E14: 2 | H14: =N14+P14+R14 -> 96 | M14: 4 | N14: 80 | O14: 1 | P14: 16 | AC14: Авдиенко Л.С
A15: ООД06 | C15: Математика | D15: 5 | E15: 2 | H15: =N15+P15+R15 -> 120 | M15: 2 | N15: 40 | O15: 5 | P15: 80 | AC15: Чекурда Г.П.
A16: ООД07 | C16: Информатика | D16: 3 | H16: =N16+P16+R16 -> 72 | M16: 2 | N16: 40 | O16: 2 | P16: 32 | AC16: ануарова Н.К.
A17: ООД08 | C17: Начальная военная и технологическая подготовка | D17: 3 | H17: =N17+P17+R17 -> 72 | M17: 2 | N17: 40 | O17: 2 | P17: 32 | AC17: Исин А.Е.
A18: ООД09 | C18: Самопознание | D18: 2 | H18: =N18+P18+R18 -> 48 | O18: 3 | P18: 48 | AC18: Кусаинова Д.Ж.
A19: ООД10 | C19: Физическая культура | D19: 5 | H19: =N19+P19+R19 -> 120 | M19: 2 | N19: 40 | O19: 5 | P19: 80
B20: Предметы по выбору | H20: =N20+P20+R20 -> 0
B21: Углубленный уровень : | H21: =N21+P21+R21 -> 0
A22: ООД11 | C22: Биология | D22: 6 | E22: 2 | H22: =N22+P22+R22 -> 144 | M22: 4 | N22: 80 | O22: 4 | P22: 64 | AC22: Ильчубаева Г.Т.
A23: ООД12 | C23: Всемирная история | D23: 6 | H23: =N23+P23+R23 -> 144 | M23: 4 | N23: 80 | O23: 4 | P23: 64 | AC23: Авдиенко Л.С.
B24: Стандартный уровень: | H24: =N24+P24+R24 -> 0
A25: ООД13 | C25: Физика | D25: 3 | H25: =N25+P25+R25 -> 72 | M25: =M16 -> 2 | N25: =N16 -> 40 | O25: =O16 -> 2 | P25: 32
A26: ООД14 | C26: Графика и проектирование | D26: 3 | H26: =N26+P26+R26 -> 72 | Q26: 9 | R26: 72
A27: БМ | B27: Базовые модули | D27: =SUM(D10:D26) -> 57 | E27: 5 | H27: =SUM(H10:H26) -> 1368 | M27: =SUM(M10:M26) -> 36 | N27: =SUM(N10:N26) -> 720 | O27: =SUM(O10:O26) -> 36 | P27: =SUM(P10:P26) -> 576 | Q27: =SUM(Q10:Q26) -> 9 | R27: =SUM(R10:R26) -> 72
A28: БМ 01 | B28: Кәсіби лексиканы қолдану | C28: Кәсіби орыс тілі
C29: Кәсіби шет тілі
A30: БМ 02 | B30: Мемлекеттік тілдегі іскерлік құжаттарды құрастыру | C30: Мемлекеттік тілде іс жүргізу
A31: БМ 03 | B31: Салауатты өмір салтын сақтай отырып, дене сапаларын дамыту | C31: Дене тәрбиесі
C32: Анатомия, физиология және гигиена
A33: БМ 04 | B33: Әлеуметтік-экономикалық ғылымдар негіздерін қолдану | C33: Экономика негіздері
C34: Философия негіздері
C35: Әлеуметтану және саясаттану негіздері
C36: Мәденииеттану
C37: Құқық негіздері
A38: БМ 05 | B38: Цифрлық сауаттылықты дамыту | C38: Ақпараттық-коммуникациялық технологиялар
A39: КМ | B39: Кәсіптік модульдер
A40: КМ 01 | B40: Оқу - тәрбие үрдісін тиімді ұйымдастыру | C40: Педагогика
C41: Психология
C42: Жаңа педагогикалық технологиялар
C43: Этнопедагогика
C44: Педагогикалық шеберліктің негіздері
C45: Сыныптан тыс жұмыс технологиясы практикасы
C46: "Баланың мектептегі алғашқы күндері" практикасы
C47: Сауықтыру лагерінде жазғы практиканы ұйымдастыру
A48: КМ 02 | B48: Бастауыш білім берудің мемлекеттік жалпыға міндетті стандартын, оқу-бағдарламалық құжаттарды пайдалану | C48: Қазіргі қазақ тілі, қазақ тілін оқыту әдістемесі, каллиграфия
C51: Математиканың теориялық негіздері және бастауыш класта математиканы оқыту әдістемесі
C53: Жаратылыстану және дүниетануды оқыту әдістемесі
C54: Өзін-өзі тану оқыту әдістемесі
C55: Дене тәрбиесі және оқыту әдістемесі, ырғақ
C57: Технология және оқыту әдістемесі
C58: Көркем еңбек және оқыту әдістемесі
C59: Музыка, музыкалық білім беру әдістемесі
C60: Балалар әдебиеті және мәнерлеп оқу практикумы
C62: Шағын жинақталған мектепте оқу-тәрбие процесін ұйымдастыру
C63: Жаратылыстану бойынша практика
C64: Диплом алды практитка
C65: Мектептегі байқау практикасы
... C67: Педагогикалық байқау практикасына дайындық
A68: КМ 03 | B68: Кәсіби қызметте ағылшын тілін пайдалану | C68: Грамматика
C69: Фонетика
C70: Елтану
A71: КМ 04 | B71: Білім алушылардың білім мазмұнын меңгеру деңгейін зерделеу, білім сапасына мониторинг жүргізу | C71: Ғылыми –педагогикалық зерттеу әдістемесі
C72: Тәрбие жұмысының әдістемесі
C73: Менеджмент негіздері
C74: Жазғы практикаға дайындық
A75: ББҰАМ | B75: Білім беру ұйымы анықтайтын модульдер | C75: Білім беру ұйымы анықтайтын модульдер
A76: ББҰАМ 01 | C76: Сындарлы оқыту әдістемесі
A77: ББҰАМ 01 | B77: Білім алушының таңдау пәні | C77: Бастауыш мектептегі шетел тілі мұғалімі
C78: Білім алушының таңдау пәні бойынша оқу практикасы
C79: Білім алушының таңдау пәні бойынша практика
A81: АА 01 | B81: Аралық аттестаттау | C81: Аралық аттестаттау
A82: ҚА 01 | B82: Қорытынды аттестаттау | C82: Қорытынды аттестаттау
A84: Міндетті оқудың қорытындысы бойынша барлық сағат саны
A85: К 00 | B85: Кеңес беру
A86: Ф 00 | B86: Факультативтік сабақтар
B87: Барлығы:
K93: Директордың оқу жұмысы бюойынша орынбасары

Sheet РУП НО)
A1: План учебного процесса
A2: Индекс | B2: Наименование модулей и видов учебной деятельности | C2: Наименование дисциплин | D2: Кредит саны / Количество кредитов | E2: Форма контроля | H2: обьем учебного времени
E3: по семестрам | H3: Всего | I3: в том числе | M3: Распределение по курсам и семестрам
E4: Экзамен | F4: дифференцированный зачет | G4: конртольные работы | I4: теоретические | J4: лаборатонро-практические | K4: Курсовой проект /работа | L4: Производственное обучение/профессиональная практика | M4: 1 курс | Q4: 2 курс | U4: 3 курс | Y4: 4 курс
M5: 1 сем. | O5: 2 сем. | Q5: 3 сем. | S5: 4 сем. | U5: 5 сем. | W5: 6 сем. | Y5: 7 сем. | AA5: 8 сем
N6: 20 | P6: 16 | R6: 8
A7: 1 | B7: 2 | C7: 3 | E7: 4 | F7: 5 | H7: 8 | I7: 9 | K7: 10 | L7: 11 | M7: 12 | N7: 13 | O7: 14 | P7: 15 | Q7: 16 | R7: 17 | S7: 18 | T7: 19 | U7: 20 | V7: 21 | W7: 22 | X7: 23 | Y7: 24 | Z7: 25 | AA7: 26 | AB7: 27
A8: ООД00 | B8: Модуль "Общеобразовательные дисциплины" | D8: 60 | H8: 1440 | AC8: преподаватель
B9: Обьязательные предметы
A10: ООД01 | C10: Русский язык | D10: 4 | E10: 2 | H10: =N10+P10+R10 -> 96 | M10: 4 | N10: 80 | O10: 1 | P10: 16 | AC10: Кожахметова Т.Р.
A11: ООД02 | C11: Русская литература | D11: 4 | H11: =N11+P11+R11 -> 96 | M11: 4 | N11: 80 | O11: 1 | P11: 16 | AC11: Кожахметова Т.Р.
A12: ООД03 | C12: Казахский язык и литература | D12: 5 | E12: 2 | H12: =N12+P12+R12 -> 120 | M12: 2 | N12: 40 | O12: 5 | P12: 80
A13: ООД04 | C13: Иностранный язык | D13: 4 | H13: =N13+P13+R13 -> 96 | M13: 4 | N13: 80 | O13: 1 | P13: 16 | AC13: Батхолдина Ш.Е.
A14: ООД05 | C14: История Казахстана | D14: 4 | E14: 2 | H14: =N14+P14+R14 -> 96 | M14: 4 | N14: 80 | O14: 1 | P14: 16 | AC14: Авдиенко Л.С
A15: ООД06 | C15: Математика | D15: 5 | E15: 2 | H15: =N15+P15+R15 -> 120 | M15: 2 | N15: 40 | O15: 5 | P15: 80 | AC15: Чекурда Г.П.
A16: ООД07 | C16: Информатика | D16: 3 | H16: =N16+P16+R16 -> 72 | M16: 2 | N16: 40 | O16: 2 | P16: 32 | AC16: ануарова Н.К.
A17: ООД08 | C17: Начальная военная и технологическая подготовка | D17: 3 | H17: =N17+P17+R17 -> 72 | M17: 2 | N17: 40 | O17: 2 | P17: 32 | AC17: Исин А.Е.
A18: ООД09 | C18: Самопознание | D18: 2 | H18: =N18+P18+R18 -> 48 | O18: 3 | P18: 48 | AC18: Кусаинова Д.Ж.
A19: ООД10 | C19: Физическая культура | D19: 5 | H19: =N19+P19+R19 -> 120 | M19: 2 | N19: 40 | O19: 5 | P19: 80
B20: Предметы по выбору | H20: =N20+P20+R20 -> 0
B21: Углубленный уровень : | H21: =N21+P21+R21 -> 0
A22: ООД11 | C22: Биология | D22: 6 | E22: 2 | H22: =N22+P22+R22 -> 144 | M22: 4 | N22: 80 | O22: 4 | P22: 64 | AC22: Ильчубаева Г.Т.
A23: ООД12 | C23: Всемирная история | D23: 6 | H23: =N23+P23+R23 -> 144 | M23: 4 | N23: 80 | O23: 4 | P23: 64 | AC23: Авдиенко Л.С.
B24: Стандартный уровень: | H24: =N24+P24+R24 -> 0
A25: ООД13 | C25: Физика | D25: 3 | H25: =N25+P25+R25 -> 72 | M25: =M16 -> 2 | N25: =N16 -> 40 | O25: =O16 -> 2 | P25: 32
A26: ООД14 | C26: Графика и проектирование | D26: 3 | H26: =N26+P26+R26 -> 72 | Q26: 9 | R26: 72
A27: БМ | B27: Базовые модули | D27: =SUM(D10:D26) -> 57 | E27: 5 | H27: =SUM(H10:H26) -> 1368 | M27: =SUM(M10:M26) -> 36 | N27: =SUM(N10:N26) -> 720 | O27: =SUM(O10:O26) -> 36 | P27: =SUM(P10:P26) -> 576 | Q27: =SUM(Q10:Q26) -> 9 | R27: =SUM(R10:R26) -> 72
A28: БМ 01 | B28: Кәсіби лексиканы қолдану | C28: Кәсіби орыс тілі
C29: Кәсіби шет тілі
A30: БМ 02 | B30: Мемлекеттік тілдегі іскерлік құжаттарды құрастыру | C30: Мемлекеттік тілде іс жүргізу
A31: БМ 03 | B31: Салауатты өмір салтын сақтай отырып, дене сапаларын дамыту | C31: Дене тәрбиесі
C32: Анатомия, физиология және гигиена
A33: БМ 04 | B33: Әлеуметтік-экономикалық ғылымдар негіздерін қолдану | C33: Экономика негіздері
C34: Философия негіздері
C35: Әлеуметтану және саясаттану негіздері
C36: Мәденииеттану
C37: Құқық негіздері
A38: БМ 05 | B38: Цифрлық сауаттылықты дамыту | C38: Ақпараттық-коммуникациялық технологиялар
A39: КМ | B39: Кәсіптік модульдер
A40: КМ 01 | B40: Оқу - тәрбие үрдісін тиімді ұйымдастыру | C40: Педагогика
C41: Психология
C42: Жаңа педагогикалық технологиялар
C43: Этнопедагогика
C44: Педагогикалық шеберліктің негіздері
C45: Сыныптан тыс жұмыс технологиясы практикасы
C46: "Баланың мектептегі алғашқы күндері" практикасы
C47: Сауықтыру лагерінде жазғы практиканы ұйымдастыру
A48: КМ 02 | B48: Бастауыш білім берудің мемлекеттік жалпыға міндетті стандартын, оқу-бағдарламалық құжаттарды пайдалану | C48: Қазіргі қазақ тілі, қазақ тілін оқыту әдістемесі, каллиграфия
C51: Математиканың теориялық негіздері және бастауыш класта математиканы оқыту әдістемесі
C53: Жаратылыстану және дүниетануды оқыту әдістемесі
C54: Өзін-өзі тану оқыту әдістемесі
C55: Дене тәрбиесі және оқыту әдістемесі, ырғақ
C57: Технология және оқыту әдістемесі
C58: Көркем еңбек және оқыту әдістемесі
C59: Музыка, музыкалық білім беру әдістемесі
C60: Балалар әдебиеті және мәнерлеп оқу практикумы
C62: Шағын жинақталған мектепте оқу-тәрбие процесін ұйымдастыру
C63: Жаратылыстану бойынша практика
C64: Диплом алды практитка
C65: Мектептегі байқау практикасы
... C67: Педагогикалық байқау практикасына дайындық
A68: КМ 03 | B68: Кәсіби қызметте ағылшын тілін пайдалану | C68: Грамматика
C69: Фонетика
C70: Елтану
A71: КМ 04 | B71: Білім алушылардың білім мазмұнын меңгеру деңгейін зерделеу, білім сапасына мониторинг жүргізу | C71: Ғылыми –педагогикалық зерттеу әдістемесі
C72: Тәрбие жұмысының әдістемесі
C73: Менеджмент негіздері
C74: Жазғы практикаға дайындық
A75: ББҰАМ | B75: Білім беру ұйымы анықтайтын модульдер | C75: Білім беру ұйымы анықтайтын модульдер
A76: ББҰАМ 01 | C76: Сындарлы оқыту әдістемесі
A77: ББҰАМ 01 | B77: Білім алушының таңдау пәні | C77: Бастауыш мектептегі шетел тілі мұғалімі
C78: Білім алушының таңдау пәні бойынша оқу практикасы
C79: Білім алушының таңдау пәні бойынша практика
A81: АА 01 | B81: Аралық аттестаттау | C81: Аралық аттестаттау
A82: ҚА 01 | B82: Қорытынды аттестаттау | C82: Қорытынды аттестаттау
A84: Міндетті оқудың қорытындысы бойынша барлық сағат саны
A85: К 00 | B85: Кеңес беру
A86: Ф 00 | B86: Факультативтік сабақтар
B87: Барлығы:
K93: Директордың оқу жұмысы бюойынша орынбасары

Sheet РУП ДВиО
A1: План учебного процесса
A2: Индекс | B2: Наименование модулей и видов учебной деятельности | C2: Наименование дисциплин | D2: Кредит саны / Количество кредитов | E2: Форма контроля | H2: обьем учебного времени
E3: по семестрам | H3: Всего | I3: в том числе | M3: Распределение по курсам и семестрам
E4: Экзамен | F4: дифференцированный зачет | G4: конртольные работы | I4: теоретические | J4: лаборатонро-практические | K4: Курсовой проект /работа | L4: Производственное обучение/профессиональная практика | M4: 1 курс | Q4: 2 курс | U4: 3 курс | Y4: 4 курс
M5: 1 сем. | O5: 2 сем. | Q5: 3 сем. | S5: 4 сем. | U5: 5 сем. | W5: 6 сем. | Y5: 7 сем. | AA5: 8 сем
N6: 20 | P6: 16 | R6: 8
A7: 1 | B7: 2 | C7: 3 | E7: 4 | F7: 5 | H7: 8 | I7: 9 | K7: 10 | L7: 11 | M7: 12 | N7: 13 | O7: 14 | P7: 15 | Q7: 16 | R7: 17 | S7: 18 | T7: 19 | U7: 20 | V7: 21 | W7: 22 | X7: 23 | Y7: 24 | Z7: 25 | AA7: 26 | AB7: 27
A8: ООД00 | B8: Модуль "Общеобразовательные дисциплины" | D8: 60 | H8: 1440 | AC8: преподаватель
B9: Обьязательные предметы
A10: ООД01 | C10: Русский язык | D10: 4 | E10: 2 | H10: =N10+P10+R10 -> 96 | M10: 4 | N10: 80 | O10: 1 | P10: 16 | AC10: Кожахметова Т.Р.
A11: ООД02 | C11: Русская литература | D11: 4 | H11: =N11+P11+R11 -> 96 | M11: 4 | N11: 80 | O11: 1 | P11: 16 | AC11: Кожахметова Т.Р.
A12: ООД03 | C12: Казахский язык и литература | D12: 5 | E12: 2 | H12: =N12+P12+R12 -> 120 | M12: 2 | N12: 40 | O12: 5 | P12: 80
A13: ООД04 | C13: Иностранный язык | D13: 4 | H13: =N13+P13+R13 -> 96 | M13: 4 | N13: 80 | O13: 1 | P13: 16 | AC13: Батхолдина Ш.Е.
A14: ООД05 | C14: История Казахстана | D14: 4 | E14: 2 | H14: =N14+P14+R14 -> 96 | M14: 4 | N14: 80 | O14: 1 | P14: 16 | AC14: Авдиенко Л.С
A15: ООД06 | C15: Математика | D15: 5 | E15: 2 | H15: =N15+P15+R15 -> 120 | M15: 2 | N15: 40 | O15: 5 | P15: 80 | AC15: Чекурда Г.П.
A16: ООД07 | C16: Информатика | D16: 3 | H16: =N16+P16+R16 -> 72 | M16: 2 | N16: 40 | O16: 2 | P16: 32 | AC16: ануарова Н.К.
A17: ООД08 | C17: Начальная военная и технологическая подготовка | D17: 3 | H17: =N17+P17+R17 -> 72 | M17: 2 | N17: 40 | O17: 2 | P17: 32 | AC17: Исин А.Е.
A18: ООД09 | C18: Самопознание | D18: 2 | H18: =N18+P18+R18 -> 48 | O18: 3 | P18: 48 | AC18: Кусаинова Д.Ж.
A19: ООД10 | C19: Физическая культура | D19: 5 | H19: =N19+P19+R19 -> 120 | M19: 2 | N19: 40 | O19: 5 | P19: 80
B20: Предметы по выбору | H20: =N20+P20+R20 -> 0
B21: Углубленный уровень : | H21: =N21+P21+R21 -> 0
A22: ООД11 | C22: Биология | D22: 6 | E22: 2 | H22: =N22+P22+R22 -> 144 | M22: 4 | N22: 80 | O22: 4 | P22: 64 | AC22: Ильчубаева Г.Т.
A23: ООД12 | C23: Всемирная история | D23: 6 | H23: =N23+P23+R23 -> 144 | M23: 4 | N23: 80 | O23: 4 | P23: 64 | AC23: Авдиенко Л.С.
B24: Стандартный уровень: | H24: =N24+P24+R24 -> 0
A25: ООД13 | C25: Физика | D25: 3 | H25: =N25+P25+R25 -> 72 | M25: =M16 -> 2 | N25: =N16 -> 40 | O25: =O16 -> 2 | P25: 32
A26: ООД14 | C26: Графика и проектирование | D26: 3 | H26: =N26+P26+R26 -> 72 | Q26: 9 | R26: 72
A27: БМ | B27: Базовые модули | D27: =SUM(D10:D26) -> 57 | E27: 5 | H27: =SUM(H10:H26) -> 1368 | M27: =SUM(M10:M26) -> 36 | N27: =SUM(N10:N26) -> 720 | O27: =SUM(O10:O26) -> 36 | P27: =SUM(P10:P26) -> 576 | Q27: =SUM(Q10:Q26) -> 9 | R27: =SUM(R10:R26) -> 72
A28: БМ 01 | B28: Кәсіби лексиканы қолдану | C28: Кәсіби орыс тілі
C29: Кәсіби шет тілі
A30: БМ 02 | B30: Мемлекеттік тілдегі іскерлік құжаттарды құрастыру | C30: Мемлекеттік тілде іс жүргізу
A31: БМ 03 | B31: Салауатты өмір салтын сақтай отырып, дене сапаларын дамыту | C31: Дене тәрбиесі
C32: Анатомия, физиология және гигиена
A33: БМ 04 | B33: Әлеуметтік-экономикалық ғылымдар негіздерін қолдану | C33: Экономика негіздері
C34: Философия негіздері
C35: Әлеуметтану және саясаттану негіздері
C36: Мәденииеттану
C37: Құқық негіздері
A38: БМ 05 | B38: Цифрлық сауаттылықты дамыту | C38: Ақпараттық-коммуникациялық технологиялар
A39: КМ | B39: Кәсіптік модульдер
A40: КМ 01 | B40: Оқу - тәрбие үрдісін тиімді ұйымдастыру | C40: Педагогика
C41: Психология
C42: Жаңа педагогикалық технологиялар
C43: Этнопедагогика
C44: Педагогикалық шеберліктің негіздері
C45: Сыныптан тыс жұмыс технологиясы практикасы
C46: "Баланың мектептегі алғашқы күндері" практикасы
C47: Сауықтыру лагерінде жазғы практиканы ұйымдастыру
A48: КМ 02 | B48: Бастауыш білім берудің мемлекеттік жалпыға міндетті стандартын, оқу-бағдарламалық құжаттарды пайдалану | C48: Қазіргі қазақ тілі, қазақ тілін оқыту әдістемесі, каллиграфия
C51: Математиканың теориялық негіздері және бастауыш класта математиканы оқыту әдістемесі
C53: Жаратылыстану және дүниетануды оқыту әдістемесі
C54: Өзін-өзі тану оқыту әдістемесі
C55: Дене тәрбиесі және оқыту әдістемесі, ырғақ
C57: Технология және оқыту әдістемесі
C58: Көркем еңбек және оқыту әдістемесі
C59: Музыка, музыкалық білім беру әдістемесі
C60: Балалар әдебиеті және мәнерлеп оқу практикумы
C62: Шағын жинақталған мектепте оқу-тәрбие процесін ұйымдастыру
C63: Жаратылыстану бойынша практика
C64: Диплом алды практитка
C65: Мектептегі байқау практикасы
... C67: Педагогикалық байқау практикасына дайындық
A68: КМ 03 | B68: Кәсіби қызметте ағылшын тілін пайдалану | C68: Грамматика
C69: Фонетика
C70: Елтану
A71: КМ 04 | B71: Білім алушылардың білім мазмұнын меңгеру деңгейін зерделеу, білім сапасына мониторинг жүргізу | C71: Ғылыми –педагогикалық зерттеу әдістемесі
C72: Тәрбие жұмысының әдістемесі
C73: Менеджмент негіздері
C74: Жазғы практикаға дайындық
A75: ББҰАМ | B75: Білім беру ұйымы анықтайтын модульдер | C75: Білім беру ұйымы анықтайтын модульдер
A76: ББҰАМ 01 | C76: Сындарлы оқыту әдістемесі
A77: ББҰАМ 01 | B77: Білім алушының таңдау пәні | C77: Бастауыш мектептегі шетел тілі мұғалімі
C78: Білім алушының таңдау пәні бойынша оқу практикасы
C79: Білім алушының таңдау пәні бойынша практика
A81: АА 01 | B81: Аралық аттестаттау | C81: Аралық аттестаттау
A82: ҚА 01 | B82: Қорытынды аттестаттау | C82: Қорытынды аттестаттау
A84: Міндетті оқудың қорытындысы бойынша барлық сағат саны
A85: К 00 | B85: Кеңес беру
A86: Ф 00 | B86: Факультативтік сабақтар
B87: Барлығы:
K93: Директордың оқу жұмысы бюойынша орынбасары

Sheet РУП АТ
A1: Оқу үрдісінің жоспары
A2: Индекс | B2: Циклдер (модульдердің) атауы | C2: Пәндердің атауы | D2: Кредит саны / Количество кредитов | E2: Бақылау нысаны | H2: Оқу уақытының көлемі (сағат)
E3: Семестр бойынша бөлінуі | H3: Барлығы | I3: оның ішінде | M3: Семестр бойынша бөлінуі
E4: Емтихан | F4: Сынақ (дифференциалды сынақ) | G4: Бақылау жұмысы | I4: теориялық оқыту | J4: зертханалық - практикалық жұмыстар | K4: курсытқ жұмыс/жоба | L4: Өндірістік оқыту және/ немесе кәсіптік (педагогикалық) практика | M4: 1 курс | Q4: 2 курс | U4: 3 курс | Y4: 4 курс
M5: 1 сем. | O5: 2 сем. | Q5: 3 сем. | S5: 4 сем. | U5: 5 сем. | W5: 6 сем. | Y5: 7 сем. | AA5: 8 сем
N6: 20 | P6: 16 | R6: 8
A7: 1 | B7: 2 | C7: 3 | E7: 4 | F7: 5 | H7: 8 | I7: 9 | J7: 10 | L7: 11 | M7: 12 | N7: 13 | O7: 14 | P7: 15 | Q7: 16 | R7: 17 | S7: 18 | T7: 19 | U7: 20 | V7: 21 | W7: 22 | X7: 23 | Y7: 24 | Z7: 25 | AA7: 26 | AB7: 27
A8: ЖБП 00 | B8: Жалпы білім беретін пәндер | D8: 57 | H8: 1368 | AC8: Оқытушы
B9: =[1]Лист1!$B$9 -> Міндетті пәндер
A10: ЖБП 01 | C10: Қазақ тілі | D10: 4 | E10: 2 | H10: =N10+P10+R10 -> 96 | M10: 4 | N10: 80 | O10: 1 | P10: 16
A11: ЖБП 02 | C11: Қазақ әдебиеті | D11: 4 | H11: =N11+P11+R11 -> 96 | M11: 4 | N11: 80 | O11: 1 | P11: 16
A12: ЖБП 03 | C12: Орыс тілі және әдебиеті | D12: 5 | E12: 2 | H12: =N12+P12+R12 -> 120 | M12: 2 | N12: 40 | O12: 5 | P12: 80
A13: ЖБП 04 | C13: Шетел тілі | D13: 4 | H13: =N13+P13+R13 -> 96 | M13: 4 | N13: 80 | O13: 1 | P13: 16
A14: ЖБП 05 | C14: Қазақстан тарихы | D14: 4 | E14: 2 | H14: =N14+P14+R14 -> 96 | M14: 4 | N14: 80 | O14: 1 | P14: 16
A15: ЖБП 06 | C15: Математика | D15: 5 | E15: 2 | H15: =N15+P15+R15 -> 120 | M15: 2 | N15: 40 | O15: 5 | P15: 80
A16: ЖБП 07 | C16: Информатика | D16: 3 | H16: =N16+P16+R16 -> 72 | M16: 2 | N16: 40 | O16: 2 | P16: 32
A17: ЖБП 08 | C17: Алғашқы әскери және технологиялық дайындық | D17: 3 | H17: =N17+P17+R17 -> 72 | M17: 2 | N17: 40 | O17: 2 | P17: 32
A18: ЖБП 09 | C18: Өзін-өзі тану | D18: 2 | H18: =N18+P18+R18 -> 48 | O18: 3 | P18: 48
A19: ЖБП 10 | C19: Дене тәрбиесі | D19: 5 | H19: =N19+P19+R19 -> 120 | M19: 2 | N19: 40 | O19: 5 | P19: 80
B20: Таңдау бойынша пәндер | H20: =N20+P20+R20 -> 0
B21: Тереңдетілген деңгей: | H21: =N21+P21+R21 -> 0
A22: ЖБП 11 | C22: Биология | D22: 6 | E22: 2 | H22: =N22+P22+R22 -> 144 | M22: 4 | N22: 80 | O22: 4 | P22: 64
A23: ЖБП 12 | C23: Дүниежүзілік тарих | D23: 6 | H23: =N23+P23+R23 -> 144 | M23: 4 | N23: 80 | O23: 4 | P23: 64
B24: Таңдау бойынша пәндер | H24: =N24+P24+R24 -> 0
B25: Стандарттық деңгей: | H25: =N25+P25+R25 -> 0
A26: ЖБП 13 | C26: Физика | D26: 3 | H26: =N26+P26+R26 -> 72 | M26: =M16 -> 2 | N26: =N16 -> 40 | O26: =O16 -> 2 | P26: 32
A27: ЖБП 14 | C27: Графика и проектирование | D27: 3 | H27: =N27+P27+R27 -> 72 | Q27: 9 | R27: 72
A28: БМ | B28: Базалық модульдер | E28: 5 | M28: =SUM(M10:M27) -> 36 | N28: =SUM(N10:N27) -> 720 | O28: =SUM(O10:O27) -> 36 | P28: =SUM(P10:P27) -> 576 | Q28: =SUM(Q10:Q27) -> 9 | R28: =SUM(R10:R27) -> 72
A29: БМ 01 | B29: Кәсіби лексиканы қолдану | C29: Кәсіби орыс тілі
C30: Кәсіби шет тілі
A31: БМ 02 | B31: Мемлекеттік тілдегі іскерлік құжаттарды құрастыру | C31: Мемлекеттік тілде іс жүргізу
A32: БМ 03 | B32: Салауатты өмір салтын сақтай отырып, дене сапаларын дамыту | C32: Дене тәрбиесі
C33: Анатомия, физиология және гигиена
A34: БМ 04 | B34: Әлеуметтік-экономикалық ғылымдар негіздерін қолдану | C34: Экономика негіздері
C35: Философия негіздері
C36: Әлеуметтану және саясаттану негіздері
C37: Мәденииеттану
C38: Құқық негіздері
A39: БМ 05 | B39: Цифрлық сауаттылықты дамыту | C39: Ақпараттық-коммуникациялық технологиялар
A40: КМ | B40: Кәсіптік модульдер
A41: КМ 01 | B41: Оқу - тәрбие үрдісін тиімді ұйымдастыру | C41: Педагогика
C42: Психология
C43: Жаңа педагогикалық технологиялар
C44: Этнопедагогика
C45: Педагогикалық шеберліктің негіздері
C46: Сыныптан тыс жұмыс технологиясы практикасы
C47: "Баланың мектептегі алғашқы күндері" практикасы
C48: Сауықтыру лагерінде жазғы практиканы ұйымдастыру
A49: КМ 02 | B49: Бастауыш білім берудің мемлекеттік жалпыға міндетті стандартын, оқу-бағдарламалық құжаттарды пайдалану | C49: Қазіргі қазақ тілі, қазақ тілін оқыту әдістемесі, каллиграфия
C52: Математиканың теориялық негіздері және бастауыш класта математиканы оқыту әдістемесі
C54: Жаратылыстану және дүниетануды оқыту әдістемесі
C55: Өзін-өзі тану оқыту әдістемесі
C56: Дене тәрбиесі және оқыту әдістемесі, ырғақ
C58: Технология және оқыту әдістемесі
C59: Көркем еңбек және оқыту әдістемесі
C60: Музыка, музыкалық білім беру әдістемесі
C61: Балалар әдебиеті және мәнерлеп оқу практикумы
C63: Шағын жинақталған мектепте оқу-тәрбие процесін ұйымдастыру
C64: Жаратылыстану бойынша практика
C65: Диплом алды практитка
C66: Мектептегі байқау практикасы
... C68: Педагогикалық байқау практикасына дайындық
A69: КМ 03 | B69: Кәсіби қызметте ағылшын тілін пайдалану | C69: Грамматика
C70: Фонетика
C71: Елтану
A72: КМ 04 | B72: Білім алушылардың білім мазмұнын меңгеру деңгейін зерделеу, білім сапасына мониторинг жүргізу | C72: Ғылыми –педагогикалық зерттеу әдістемесі
C73: Тәрбие жұмысының әдістемесі
C74: Менеджмент негіздері
C75: Жазғы практикаға дайындық
A76: ББҰАМ | B76: Білім беру ұйымы анықтайтын модульдер | C76: Білім беру ұйымы анықтайтын модульдер
A77: ББҰАМ 01 | C77: Сындарлы оқыту әдістемесі
A78: ББҰАМ 01 | B78: Білім алушының таңдау пәні | C78: Бастауыш мектептегі шетел тілі мұғалімі
C79: Білім алушының таңдау пәні бойынша оқу практикасы
C80: Білім алушының таңдау пәні бойынша практика
A82: АА 01 | B82: Аралық аттестаттау | C82: Аралық аттестаттау
A83: ҚА 01 | B83: Қорытынды аттестаттау | C83: Қорытынды аттестаттау
A85: Міндетті оқудың қорытындысы бойынша барлық сағат саны
A86: К 00 | B86: Кеңес беру
A87: Ф 00 | B87: Факультативтік сабақтар
B88: Барлығы:
J94: Директордың оқу жұмысы бюойынша орынбасары

Sheet РУП ДШ
A1: Оқу үрдісінің жоспары
A2: Индекс | B2: Циклдер (модульдердің) атауы | C2: Пәндердің атауы | D2: Кредит саны / Количество кредитов | E2: Бақылау нысаны | H2: Оқу уақытының көлемі (сағат)
E3: Семестр бойынша бөлінуі | H3: Барлығы | I3: оның ішінде | M3: Семестр бойынша бөлінуі
E4: Емтихан | F4: Сынақ (дифференциалды сынақ) | G4: Бақылау жұмысы | I4: теориялық оқыту | J4: зертханалық - практикалық жұмыстар | K4: курсытқ жұмыс/жоба | L4: Өндірістік оқыту және/ немесе кәсіптік (педагогикалық) практика | M4: 1 курс | Q4: 2 курс | U4: 3 курс | Y4: 4 курс
M5: 1 сем. | O5: 2 сем. | Q5: 3 сем. | S5: 4 сем. | U5: 5 сем. | W5: 6 сем. | Y5: 7 сем. | AA5: 8 сем
N6: 20 | P6: 16 | R6: 8
A7: 1 | B7: 2 | C7: 3 | E7: 4 | F7: 5 | H7: 8 | I7: 9 | J7: 10 | L7: 11 | M7: 12 | N7: 13 | O7: 14 | P7: 15 | Q7: 16 | R7: 17 | S7: 18 | T7: 19 | U7: 20 | V7: 21 | W7: 22 | X7: 23 | Y7: 24 | Z7: 25 | AA7: 26 | AB7: 27
A8: ЖБП 00 | B8: Жалпы білім беретін пәндер | D8: 57 | H8: 1368 | AC8: Оқытушы
B9: =[1]Лист1!$B$9 -> Міндетті пәндер
A10: ЖБП 01 | C10: Қазақ тілі | D10: 4 | E10: 2 | H10: =N10+P10+R10 -> 96 | M10: 4 | N10: 80 | O10: 1 | P10: 16
A11: ЖБП 02 | C11: Қазақ әдебиеті | D11: 4 | H11: =N11+P11+R11 -> 96 | M11: 4 | N11: 80 | O11: 1 | P11: 16
A12: ЖБП 03 | C12: Орыс тілі және әдебиеті | D12: 5 | E12: 2 | H12: =N12+P12+R12 -> 120 | M12: 2 | N12: 40 | O12: 5 | P12: 80
A13: ЖБП 04 | C13: Шетел тілі | D13: 4 | H13: =N13+P13+R13 -> 96 | M13: 4 | N13: 80 | O13: 1 | P13: 16
A14: ЖБП 05 | C14: Қазақстан тарихы | D14: 4 | E14: 2 | H14: =N14+P14+R14 -> 96 | M14: 4 | N14: 80 | O14: 1 | P14: 16
A15: ЖБП 06 | C15: Математика | D15: 5 | E15: 2 | H15: =N15+P15+R15 -> 120 | M15: 2 | N15: 40 | O15: 5 | P15: 80
A16: ЖБП 07 | C16: Информатика | D16: 3 | H16: =N16+P16+R16 -> 72 | M16: 2 | N16: 40 | O16: 2 | P16: 32
A17: ЖБП 08 | C17: Алғашқы әскери және технологиялық дайындық | D17: 3 | H17: =N17+P17+R17 -> 72 | M17: 2 | N17: 40 | O17: 2 | P17: 32
A18: ЖБП 09 | C18: Өзін-өзі тану | D18: 2 | H18: =N18+P18+R18 -> 48 | O18: 3 | P18: 48
A19: ЖБП 10 | C19: Дене тәрбиесі | D19: 5 | H19: =N19+P19+R19 -> 120 | M19: 2 | N19: 40 | O19: 5 | P19: 80
B20: Таңдау бойынша пәндер | H20: =N20+P20+R20 -> 0
B21: Тереңдетілген деңгей: | H21: =N21+P21+R21 -> 0
A22: ЖБП 11 | C22: Биология | D22: 6 | E22: 2 | H22: =N22+P22+R22 -> 144 | M22: 4 | N22: 80 | O22: 4 | P22: 64
A23: ЖБП 12 | C23: Дүниежүзілік тарих | D23: 6 | H23: =N23+P23+R23 -> 144 | M23: 4 | N23: 80 | O23: 4 | P23: 64
B24: Таңдау бойынша пәндер | H24: =N24+P24+R24 -> 0
B25: Стандарттық деңгей: | H25: =N25+P25+R25 -> 0
A26: ЖБП 13 | C26: Физика | D26: 3 | H26: =N26+P26+R26 -> 72 | M26: =M16 -> 2 | N26: =N16 -> 40 | O26: =O16 -> 2 | P26: 32
A27: ЖБП 14 | C27: Графика и проектирование | D27: 3 | H27: =N27+P27+R27 -> 72 | Q27: 9 | R27: 72
A28: БМ | B28: Базалық модульдер | E28: 5 | M28: =SUM(M10:M27) -> 36 | N28: =SUM(N10:N27) -> 720 | O28: =SUM(O10:O27) -> 36 | P28: =SUM(P10:P27) -> 576 | Q28: =SUM(Q10:Q27) -> 9 | R28: =SUM(R10:R27) -> 72
A29: БМ 01 | B29: Кәсіби лексиканы қолдану | C29: Кәсіби орыс тілі
C30: Кәсіби шет тілі
A31: БМ 02 | B31: Мемлекеттік тілдегі іскерлік құжаттарды құрастыру | C31: Мемлекеттік тілде іс жүргізу
A32: БМ 03 | B32: Салауатты өмір салтын сақтай отырып, дене сапаларын дамыту | C32: Дене тәрбиесі
C33: Анатомия, физиология және гигиена
A34: БМ 04 | B34: Әлеуметтік-экономикалық ғылымдар негіздерін қолдану | C34: Экономика негіздері
C35: Философия негіздері
C36: Әлеуметтану және саясаттану негіздері
C37: Мәденииеттану
C38: Құқық негіздері
A39: БМ 05 | B39: Цифрлық сауаттылықты дамыту | C39: Ақпараттық-коммуникациялық технологиялар
A40: КМ | B40: Кәсіптік модульдер
A41: КМ 01 | B41: Оқу - тәрбие үрдісін тиімді ұйымдастыру | C41: Педагогика
C42: Психология
C43: Жаңа педагогикалық технологиялар
C44: Этнопедагогика
C45: Педагогикалық шеберліктің негіздері
C46: Сыныптан тыс жұмыс технологиясы практикасы
C47: "Баланың мектептегі алғашқы күндері" практикасы
C48: Сауықтыру лагерінде жазғы практиканы ұйымдастыру
A49: КМ 02 | B49: Бастауыш білім берудің мемлекеттік жалпыға міндетті стандартын, оқу-бағдарламалық құжаттарды пайдалану | C49: Қазіргі қазақ тілі, қазақ тілін оқыту әдістемесі, каллиграфия
C52: Математиканың теориялық негіздері және бастауыш класта математиканы оқыту әдістемесі
C54: Жаратылыстану және дүниетануды оқыту әдістемесі
C55: Өзін-өзі тану оқыту әдістемесі
C56: Дене тәрбиесі және оқыту әдістемесі, ырғақ
C58: Технология және оқыту әдістемесі
C59: Көркем еңбек және оқыту әдістемесі
C60: Музыка, музыкалық білім беру әдістемесі
C61: Балалар әдебиеті және мәнерлеп оқу практикумы
C63: Шағын жинақталған мектепте оқу-тәрбие процесін ұйымдастыру
C64: Жаратылыстану бойынша практика
C65: Диплом алды практитка
C66: Мектептегі байқау практикасы
... C68: Педагогикалық байқау практикасына дайындық
A69: КМ 03 | B69: Кәсіби қызметте ағылшын тілін пайдалану | C69: Грамматика
C70: Фонетика
C71: Елтану
A72: КМ 04 | B72: Білім алушылардың білім мазмұнын меңгеру деңгейін зерделеу, білім сапасына мониторинг жүргізу | C72: Ғылыми –педагогикалық зерттеу әдістемесі
C73: Тәрбие жұмысының әдістемесі
C74: Менеджмент негіздері
C75: Жазғы практикаға дайындық
A76: ББҰАМ | B76: Білім беру ұйымы анықтайтын модульдер | C76: Білім беру ұйымы анықтайтын модульдер
A77: ББҰАМ 01 | C77: Сындарлы оқыту әдістемесі
A78: ББҰАМ 01 | B78: Білім алушының таңдау пәні | C78: Бастауыш мектептегі шетел тілі мұғалімі
C79: Білім алушының таңдау пәні бойынша оқу практикасы
C80: Білім алушының таңдау пәні бойынша практика
A82: АА 01 | B82: Аралық аттестаттау | C82: Аралық аттестаттау
A83: ҚА 01 | B83: Қорытынды аттестаттау | C83: Қорытынды аттестаттау
A85: Міндетті оқудың қорытындысы бойынша барлық сағат саны
A86: К 00 | B86: Кеңес беру
A87: Ф 00 | B87: Факультативтік сабақтар
B88: Барлығы:
J94: Директордың оқу жұмысы бюойынша орынбасары

Sheet РУП ББ
A1: Оқу үрдісінің жоспары
A2: Индекс | B2: Циклдер (модульдердің) атауы | C2: Пәндердің атауы | D2: Кредит саны / Количество кредитов | E2: Бақылау нысаны | H2: Оқу уақытының көлемі (сағат)
E3: Семестр бойынша бөлінуі | H3: Барлығы | I3: оның ішінде | M3: Семестр бойынша бөлінуі
E4: Емтихан | F4: Сынақ (дифференциалды сынақ) | G4: Бақылау жұмысы | I4: теориялық оқыту | J4: зертханалық - практикалық жұмыстар | K4: курсытқ жұмыс/жоба | L4: Өндірістік оқыту және/ немесе кәсіптік (педагогикалық) практика | M4: 1 курс | Q4: 2 курс | U4: 3 курс | Y4: 4 курс
M5: 1 сем. | O5: 2 сем. | Q5: 3 сем. | S5: 4 сем. | U5: 5 сем. | W5: 6 сем. | Y5: 7 сем. | AA5: 8 сем
N6: 20 | P6: 16 | R6: 8
A7: 1 | B7: 2 | C7: 3 | E7: 4 | F7: 5 | H7: 8 | I7: 9 | J7: 10 | L7: 11 | M7: 12 | N7: 13 | O7: 14 | P7: 15 | Q7: 16 | R7: 17 | S7: 18 | T7: 19 | U7: 20 | V7: 21 | W7: 22 | X7: 23 | Y7: 24 | Z7: 25 | AA7: 26 | AB7: 27
A8: ЖБП 00 | B8: Жалпы білім беретін пәндер | D8: 57 | H8: 1368 | AC8: Оқытушы
B9: =[1]Лист1!$B$9 -> Міндетті пәндер
A10: ЖБП 01 | C10: Қазақ тілі | D10: 4 | E10: 2 | H10: =N10+P10+R10 -> 96 | M10: 4 | N10: 80 | O10: 1 | P10: 16
A11: ЖБП 02 | C11: Қазақ әдебиеті | D11: 4 | H11: =N11+P11+R11 -> 96 | M11: 4 | N11: 80 | O11: 1 | P11: 16
A12: ЖБП 03 | C12: Орыс тілі және әдебиеті | D12: 5 | E12: 2 | H12: =N12+P12+R12 -> 120 | M12: 2 | N12: 40 | O12: 5 | P12: 80
A13: ЖБП 04 | C13: Шетел тілі | D13: 4 | H13: =N13+P13+R13 -> 96 | M13: 4 | N13: 80 | O13: 1 | P13: 16
A14: ЖБП 05 | C14: Қазақстан тарихы | D14: 4 | E14: 2 | H14: =N14+P14+R14 -> 96 | M14: 4 | N14: 80 | O14: 1 | P14: 16
A15: ЖБП 06 | C15: Математика | D15: 5 | E15: 2 | H15: =N15+P15+R15 -> 120 | M15: 2 | N15: 40 | O15: 5 | P15: 80
A16: ЖБП 07 | C16: Информатика | D16: 3 | H16: =N16+P16+R16 -> 72 | M16: 2 | N16: 40 | O16: 2 | P16: 32
A17: ЖБП 08 | C17: Алғашқы әскери және технологиялық дайындық | D17: 3 | H17: =N17+P17+R17 -> 72 | M17: 2 | N17: 40 | O17: 2 | P17: 32
A18: ЖБП 09 | C18: Өзін-өзі тану | D18: 2 | H18: =N18+P18+R18 -> 48 | O18: 3 | P18: 48
A19: ЖБП 10 | C19: Дене тәрбиесі | D19: 5 | H19: =N19+P19+R19 -> 120 | M19: 2 | N19: 40 | O19: 5 | P19: 80
B20: Таңдау бойынша пәндер | H20: =N20+P20+R20 -> 0
B21: Тереңдетілген деңгей: | H21: =N21+P21+R21 -> 0
A22: ЖБП 11 | C22: Биология | D22: 6 | E22: 2 | H22: =N22+P22+R22 -> 144 | M22: 4 | N22: 80 | O22: 4 | P22: 64
A23: ЖБП 12 | C23: Дүниежүзілік тарих | D23: 6 | H23: =N23+P23+R23 -> 144 | M23: 4 | N23: 80 | O23: 4 | P23: 64
B24: Таңдау бойынша пәндер | H24: =N24+P24+R24 -> 0
B25: Стандарттық деңгей: | H25: =N25+P25+R25 -> 0
A26: ЖБП 13 | C26: Физика | D26: 3 | H26: =N26+P26+R26 -> 72 | M26: =M16 -> 2 | N26: =N16 -> 40 | O26: =O16 -> 2 | P26: 32
A27: ЖБП 14 | C27: Графика и проектирование | D27: 3 | H27: =N27+P27+R27 -> 72 | Q27: 9 | R27: 72
A28: БМ | B28: Базалық модульдер | E28: 5 | M28: =SUM(M10:M27) -> 36 | N28: =SUM(N10:N27) -> 720 | O28: =SUM(O10:O27) -> 36 | P28: =SUM(P10:P27) -> 576 | Q28: =SUM(Q10:Q27) -> 9 | R28: =SUM(R10:R27) -> 72
A29: БМ 01 | B29: Кәсіби лексиканы қолдану | C29: Кәсіби орыс тілі
C30: Кәсіби шет тілі
A31: БМ 02 | B31: Мемлекеттік тілдегі іскерлік құжаттарды құрастыру | C31: Мемлекеттік тілде іс жүргізу
A32: БМ 03 | B32: Салауатты өмір салтын сақтай отырып, дене сапаларын дамыту | C32: Дене тәрбиесі
C33: Анатомия, физиология және гигиена
A34: БМ 04 | B34: Әлеуметтік-экономикалық ғылымдар негіздерін қолдану | C34: Экономика негіздері
C35: Философия негіздері
C36: Әлеуметтану және саясаттану негіздері
C37: Мәденииеттану
C38: Құқық негіздері
A39: БМ 05 | B39: Цифрлық сауаттылықты дамыту | C39: Ақпараттық-коммуникациялық технологиялар
A40: КМ | B40: Кәсіптік модульдер
A41: КМ 01 | B41: Оқу - тәрбие үрдісін тиімді ұйымдастыру | C41: Педагогика
C42: Психология
C43: Жаңа педагогикалық технологиялар
C44: Этнопедагогика
C45: Педагогикалық шеберліктің негіздері
C46: Сыныптан тыс жұмыс технологиясы практикасы
C47: "Баланың мектептегі алғашқы күндері" практикасы
C48: Сауықтыру лагерінде жазғы практиканы ұйымдастыру
A49: КМ 02 | B49: Бастауыш білім берудің мемлекеттік жалпыға міндетті стандартын, оқу-бағдарламалық құжаттарды пайдалану | C49: Қазіргі қазақ тілі, қазақ тілін оқыту әдістемесі, каллиграфия
C52: Математиканың теориялық негіздері және бастауыш класта математиканы оқыту әдістемесі
C54: Жаратылыстану және дүниетануды оқыту әдістемесі
C55: Өзін-өзі тану оқыту әдістемесі
C56: Дене тәрбиесі және оқыту әдістемесі, ырғақ
C58: Технология және оқыту әдістемесі
C59: Көркем еңбек және оқыту әдістемесі
C60: Музыка, музыкалық білім беру әдістемесі
C61: Балалар әдебиеті және мәнерлеп оқу практикумы
C63: Шағын жинақталған мектепте оқу-тәрбие процесін ұйымдастыру
C64: Жаратылыстану бойынша практика
C65: Диплом алды практитка
C66: Мектептегі байқау практикасы
... C68: Педагогикалық байқау практикасына дайындық
A69: КМ 03 | B69: Кәсіби қызметте ағылшын тілін пайдалану | C69: Грамматика
C70: Фонетика
C71: Елтану
A72: КМ 04 | B72: Білім алушылардың білім мазмұнын меңгеру деңгейін зерделеу, білім сапасына мониторинг жүргізу | C72: Ғылыми –педагогикалық зерттеу әдістемесі
C73: Тәрбие жұмысының әдістемесі
C74: Менеджмент негіздері
C75: Жазғы практикаға дайындық
A76: ББҰАМ | B76: Білім беру ұйымы анықтайтын модульдер | C76: Білім беру ұйымы анықтайтын модульдер
A77: ББҰАМ 01 | C77: Сындарлы оқыту әдістемесі
A78: ББҰАМ 01 | B78: Білім алушының таңдау пәні | C78: Бастауыш мектептегі шетел тілі мұғалімі
C79: Білім алушының таңдау пәні бойынша оқу практикасы
C80: Білім алушының таңдау пәні бойынша практика
A82: АА 01 | B82: Аралық аттестаттау | C82: Аралық аттестаттау
A83: ҚА 01 | B83: Қорытынды аттестаттау | C83: Қорытынды аттестаттау
A85: Міндетті оқудың қорытындысы бойынша барлық сағат саны
A86: К 00 | B86: Кеңес беру
A87: Ф 00 | B87: Факультативтік сабақтар
B88: Барлығы:
J94: Директордың оқу жұмысы бюойынша орынбасары

Sheet РУП КиЛ
A1: Оқу үрдісінің жоспары
A2: Индекс | B2: Циклдер (модульдердің) атауы | C2: Пәндердің атауы | D2: Кредит саны / Количество кредитов | E2: Бақылау нысаны | H2: Оқу уақытының көлемі (сағат)
E3: Семестр бойынша бөлінуі | H3: Барлығы | I3: оның ішінде | M3: Семестр бойынша бөлінуі
E4: Емтихан | F4: Сынақ (дифференциалды сынақ) | G4: Бақылау жұмысы | I4: теориялық оқыту | J4: зертханалық - практикалық жұмыстар | K4: курсытқ жұмыс/жоба | L4: Өндірістік оқыту және/ немесе кәсіптік (педагогикалық) практика | M4: 1 курс | Q4: 2 курс | U4: 3 курс | Y4: 4 курс
M5: 1 сем. | O5: 2 сем. | Q5: 3 сем. | S5: 4 сем. | U5: 5 сем. | W5: 6 сем. | Y5: 7 сем. | AA5: 8 сем
N6: 20 | P6: 16 | R6: 8
A7: 1 | B7: 2 | C7: 3 | E7: 4 | F7: 5 | H7: 8 | I7: 9 | J7: 10 | L7: 11 | M7: 12 | N7: 13 | O7: 14 | P7: 15 | Q7: 16 | R7: 17 | S7: 18 | T7: 19 | U7: 20 | V7: 21 | W7: 22 | X7: 23 | Y7: 24 | Z7: 25 | AA7: 26 | AB7: 27
A8: ЖБП 00 | B8: Жалпы білім беретін пәндер | D8: 57 | H8: 1368 | AC8: Оқытушы
B9: =[1]Лист1!$B$9 -> Міндетті пәндер
A10: ЖБП 01 | C10: Қазақ тілі | D10: 4 | E10: 2 | H10: =N10+P10+R10 -> 96 | M10: 4 | N10: 80 | O10: 1 | P10: 16
A11: ЖБП 02 | C11: Қазақ әдебиеті | D11: 4 | H11: =N11+P11+R11 -> 96 | M11: 4 | N11: 80 | O11: 1 | P11: 16
A12: ЖБП 03 | C12: Орыс тілі және әдебиеті | D12: 5 | E12: 2 | H12: =N12+P12+R12 -> 120 | M12: 2 | N12: 40 | O12: 5 | P12: 80
A13: ЖБП 04 | C13: Шетел тілі | D13: 4 | H13: =N13+P13+R13 -> 96 | M13: 4 | N13: 80 | O13: 1 | P13: 16
A14: ЖБП 05 | C14: Қазақстан тарихы | D14: 4 | E14: 2 | H14: =N14+P14+R14 -> 96 | M14: 4 | N14: 80 | O14: 1 | P14: 16
A15: ЖБП 06 | C15: Математика | D15: 5 | E15: 2 | H15: =N15+P15+R15 -> 120 | M15: 2 | N15: 40 | O15: 5 | P15: 80
A16: ЖБП 07 | C16: Информатика | D16: 3 | H16: =N16+P16+R16 -> 72 | M16: 2 | N16: 40 | O16: 2 | P16: 32
A17: ЖБП 08 | C17: Алғашқы әскери және технологиялық дайындық | D17: 3 | H17: =N17+P17+R17 -> 72 | M17: 2 | N17: 40 | O17: 2 | P17: 32
A18: ЖБП 09 | C18: Өзін-өзі тану | D18: 2 | H18: =N18+P18+R18 -> 48 | O18: 3 | P18: 48
A19: ЖБП 10 | C19: Дене тәрбиесі | D19: 5 | H19: =N19+P19+R19 -> 120 | M19: 2 | N19: 40 | O19: 5 | P19: 80
B20: Таңдау бойынша пәндер | H20: =N20+P20+R20 -> 0
B21: Тереңдетілген деңгей: | H21: =N21+P21+R21 -> 0
A22: ЖБП 11 | C22: Биология | D22: 6 | E22: 2 | H22: =N22+P22+R22 -> 144 | M22: 4 | N22: 80 | O22: 4 | P22: 64
A23: ЖБП 12 | C23: Дүниежүзілік тарих | D23: 6 | H23: =N23+P23+R23 -> 144 | M23: 4 | N23: 80 | O23: 4 | P23: 64
B24: Таңдау бойынша пәндер | H24: =N24+P24+R24 -> 0
B25: Стандарттық деңгей: | H25: =N25+P25+R25 -> 0
A26: ЖБП 13 | C26: Физика | D26: 3 | H26: =N26+P26+R26 -> 72 | M26: =M16 -> 2 | N26: =N16 -> 40 | O26: =O16 -> 2 | P26: 32
A27: ЖБП 14 | C27: Графика и проектирование | D27: 3 | H27: =N27+P27+R27 -> 72 | Q27: 9 | R27: 72
A28: БМ | B28: Базалық модульдер | E28: 5 | M28: =SUM(M10:M27) -> 36 | N28: =SUM(N10:N27) -> 720 | O28: =SUM(O10:O27) -> 36 | P28: =SUM(P10:P27) -> 576 | Q28: =SUM(Q10:Q27) -> 9 | R28: =SUM(R10:R27) -> 72
A29: БМ 01 | B29: Кәсіби лексиканы қолдану | C29: Кәсіби орыс тілі
C30: Кәсіби шет тілі
A31: БМ 02 | B31: Мемлекеттік тілдегі іскерлік құжаттарды құрастыру | C31: Мемлекеттік тілде іс жүргізу
A32: БМ 03 | B32: Салауатты өмір салтын сақтай отырып, дене сапаларын дамыту | C32: Дене тәрбиесі
C33: Анатомия, физиология және гигиена
A34: БМ 04 | B34: Әлеуметтік-экономикалық ғылымдар негіздерін қолдану | C34: Экономика негіздері
C35: Философия негіздері
C36: Әлеуметтану және саясаттану негіздері
C37: Мәденииеттану
C38: Құқық негіздері
A39: БМ 05 | B39: Цифрлық сауаттылықты дамыту | C39: Ақпараттық-коммуникациялық технологиялар
A40: КМ | B40: Кәсіптік модульдер
A41: КМ 01 | B41: Оқу - тәрбие үрдісін тиімді ұйымдастыру | C41: Педагогика
C42: Психология
C43: Жаңа педагогикалық технологиялар
C44: Этнопедагогика
C45: Педагогикалық шеберліктің негіздері
C46: Сыныптан тыс жұмыс технологиясы практикасы
C47: "Баланың мектептегі алғашқы күндері" практикасы
C48: Сауықтыру лагерінде жазғы практиканы ұйымдастыру
A49: КМ 02 | B49: Бастауыш білім берудің мемлекеттік жалпыға міндетті стандартын, оқу-бағдарламалық құжаттарды пайдалану | C49: Қазіргі қазақ тілі, қазақ тілін оқыту әдістемесі, каллиграфия
C52: Математиканың теориялық негіздері және бастауыш класта математиканы оқыту әдістемесі
C54: Жаратылыстану және дүниетануды оқыту әдістемесі
C55: Өзін-өзі тану оқыту әдістемесі
C56: Дене тәрбиесі және оқыту әдістемесі, ырғақ
C58: Технология және оқыту әдістемесі
C59: Көркем еңбек және оқыту әдістемесі
C60: Музыка, музыкалық білім беру әдістемесі
C61: Балалар әдебиеті және мәнерлеп оқу практикумы
C63: Шағын жинақталған мектепте оқу-тәрбие процесін ұйымдастыру
C64: Жаратылыстану бойынша практика
C65: Диплом алды практитка
C66: Мектептегі байқау практикасы
... C68: Педагогикалық байқау практикасына дайындық
A69: КМ 03 | B69: Кәсіби қызметте ағылшын тілін пайдалану | C69: Грамматика
C70: Фонетика
C71: Елтану
A72: КМ 04 | B72: Білім алушылардың білім мазмұнын меңгеру деңгейін зерделеу, білім сапасына мониторинг жүргізу | C72: Ғылыми –педагогикалық зерттеу әдістемесі
C73: Тәрбие жұмысының әдістемесі
C74: Менеджмент негіздері
C75: Жазғы практикаға дайындық
A76: ББҰАМ | B76: Білім беру ұйымы анықтайтын модульдер | C76: Білім беру ұйымы анықтайтын модульдер
A77: ББҰАМ 01 | C77: Сындарлы оқыту әдістемесі
A78: ББҰАМ 01 | B78: Білім алушының таңдау пәні | C78: Бастауыш мектептегі шетел тілі мұғалімі
C79: Білім алушының таңдау пәні бойынша оқу практикасы
C80: Білім алушының таңдау пәні бойынша практика
A82: АА 01 | B82: Аралық аттестаттау | C82: Аралық аттестаттау
A83: ҚА 01 | B83: Қорытынды аттестаттау | C83: Қорытынды аттестаттау
A85: Міндетті оқудың қорытындысы бойынша барлық сағат саны
A86: К 00 | B86: Кеңес беру
A87: Ф 00 | B87: Факультативтік сабақтар
B88: Барлығы:
J94: Директордың оқу жұмысы бюойынша орынбасары

Sheet РУПинформ
A1: Оқу үрдісінің жоспары
A2: Индекс | B2: Циклдер (модульдердің) атауы | C2: Пәндердің атауы | D2: Кредит саны / Количество кредитов | E2: Бақылау нысаны | H2: Оқу уақытының көлемі (сағат)
E3: Семестр бойынша бөлінуі | H3: Барлығы | I3: оның ішінде | M3: Семестр бойынша бөлінуі
E4: Емтихан | F4: Сынақ (дифференциалды сынақ) | G4: Бақылау жұмысы | I4: теориялық оқыту | J4: зертханалық - практикалық жұмыстар | K4: курсытқ жұмыс/жоба | L4: Өндірістік оқыту және/ немесе кәсіптік (педагогикалық) практика | M4: 1 курс | Q4: 2 курс | U4: 3 курс | Y4: 4 курс
M5: 1 сем. | O5: 2 сем. | Q5: 3 сем. | S5: 4 сем. | U5: 5 сем. | W5: 6 сем. | Y5: 7 сем. | AA5: 8 сем
N6: 20 | P6: 16 | R6: 8
A7: 1 | B7: 2 | C7: 3 | E7: 4 | F7: 5 | H7: 8 | I7: 9 | J7: 10 | L7: 11 | M7: 12 | N7: 13 | O7: 14 | P7: 15 | Q7: 16 | R7: 17 | S7: 18 | T7: 19 | U7: 20 | V7: 21 | W7: 22 | X7: 23 | Y7: 24 | Z7: 25 | AA7: 26 | AB7: 27
A8: ЖБП 00 | B8: Жалпы білім беретін пәндер | D8: 57 | H8: 1368 | AC8: Оқытушы
B9: =[1]Лист1!$B$9 -> Міндетті пәндер
A10: ЖБП 01 | C10: Қазақ тілі | D10: 4 | E10: 2 | H10: =N10+P10+R10 -> 72 | M10: 2 | N10: 40 | O10: 2 | P10: 32
A11: ЖБП 02 | C11: Қазақ әдебиеті | D11: 4 | H11: =N11+P11+R11 -> 72 | M11: 2 | N11: 40 | O11: 2 | P11: 32
A12: ЖБП 03 | C12: Орыс тілі және әдебиеті | D12: 5 | E12: 2 | H12: =N12+P12+R12 -> 96 | M12: 4 | N12: 80 | O12: 1 | P12: 16
A13: ЖБП 04 | C13: Шетел тілі | D13: 4 | H13: =N13+P13+R13 -> 96 | M13: 4 | N13: 80 | O13: 1 | P13: 16
A14: ЖБП 05 | C14: Қазақстан тарихы | D14: 4 | E14: 2 | H14: =N14+P14+R14 -> 96 | M14: 4 | N14: 80 | O14: 1 | P14: 16
A15: ЖБП 06 | C15: Математика | D15: 5 | E15: 2 | H15: =N15+P15+R15 -> 192 | M15: 6 | N15: 120 | O15: 4 | P15: 64 | Q15: 1 | R15: 8
A16: ЖБП 07 | C16: Информатика | D16: 3 | H16: =N16+P16+R16 -> 72 | M16: 2 | N16: 40 | O16: 2 | P16: 32
A17: ЖБП 08 | C17: Алғашқы әскери және технологиялық дайындық | D17: 3 | H17: =N17+P17+R17 -> 96 | N17: 0 | O17: 6 | P17: 96
A18: ЖБП 09 | C18: Өзін-өзі тану | D18: 2 | H18: =N18+P18+R18 -> 48 | O18: 3 | P18: 48
A19: ЖБП 10 | C19: Дене тәрбиесі | D19: 5 | H19: =N19+P19+R19 -> 120 | M19: 2 | N19: 40 | O19: 5 | P19: 80
B20: Таңдау бойынша пәндер | H20: =N20+P20+R20 -> 0
B21: Тереңдетілген деңгей: | H21: =N21+P21+R21 -> 0
A22: ЖБП 11 | C22: Биология | D22: 6 | E22: 2 | H22: =N22+P22+R22 -> 144 | M22: 4 | N22: 80 | O22: 4 | P22: 64
A23: ЖБП 12 | C23: Физика | D23: 6 | H23: =N23+P23+R23 -> 144 | M23: 4 | N23: 80 | O23: 4 | P23: 64
B24: Таңдау бойынша пәндер | H24: =N24+P24+R24 -> 0
B25: Стандарттық деңгей: | H25: =N25+P25+R25 -> 0
A26: ЖБП 13 | C26: Дүниежүзі тарихы | D26: 3 | H26: =N26+P26+R26 -> 72 | M26: =M16 -> 2 | N26: =N16 -> 40 | O26: =O16 -> 2 | P26: 32
A27: ЖБП 14 | C27: Геграфия | D27: 3 | H27: =N27+P27+R27 -> 72 | Q27: 9 | R27: 72
A28: БМ | B28: Базалық модульдер | E28: 5 | M28: =SUM(M10:M27) -> 36 | N28: =SUM(N10:N27) -> 720 | O28: =SUM(O10:O27) -> 37 | P28: =SUM(P10:P27) -> 592 | Q28: =SUM(Q10:Q27) -> 10 | R28: =SUM(R10:R27) -> 80
A29: БМ 01 | B29: Кәсіби лексиканы қолдану | C29: Кәсіби орыс тілі
C30: Кәсіби шет тілі
A31: БМ 02 | B31: Мемлекеттік тілдегі іскерлік құжаттарды құрастыру | C31: Мемлекеттік тілде іс жүргізу
A32: БМ 03 | B32: Салауатты өмір салтын сақтай отырып, дене сапаларын дамыту | C32: Дене тәрбиесі
C33: Анатомия, физиология және гигиена
A34: БМ 04 | B34: Әлеуметтік-экономикалық ғылымдар негіздерін қолдану | C34: Экономика негіздері
C35: Философия негіздері
C36: Әлеуметтану және саясаттану негіздері
C37: Мәденииеттану
C38: Құқық негіздері
A39: БМ 05 | B39: Цифрлық сауаттылықты дамыту | C39: Ақпараттық-коммуникациялық технологиялар
A40: КМ | B40: Кәсіптік модульдер
A41: КМ 01 | B41: Оқу - тәрбие үрдісін тиімді ұйымдастыру | C41: Педагогика
C42: Психология
C43: Жаңа педагогикалық технологиялар
C44: Этнопедагогика
C45: Педагогикалық шеберліктің негіздері
C46: Сыныптан тыс жұмыс технологиясы практикасы
C47: "Баланың мектептегі алғашқы күндері" практикасы
C48: Сауықтыру лагерінде жазғы практиканы ұйымдастыру
A49: КМ 02 | B49: Бастауыш білім берудің мемлекеттік жалпыға міндетті стандартын, оқу-бағдарламалық құжаттарды пайдалану | C49: Қазіргі қазақ тілі, қазақ тілін оқыту әдістемесі, каллиграфия
C52: Математиканың теориялық негіздері және бастауыш класта математиканы оқыту әдістемесі
C54: Жаратылыстану және дүниетануды оқыту әдістемесі
C55: Өзін-өзі тану оқыту әдістемесі
C56: Дене тәрбиесі және оқыту әдістемесі, ырғақ
C58: Технология және оқыту әдістемесі
C59: Көркем еңбек және оқыту әдістемесі
C60: Музыка, музыкалық білім беру әдістемесі
C61: Балалар әдебиеті және мәнерлеп оқу практикумы
C63: Шағын жинақталған мектепте оқу-тәрбие процесін ұйымдастыру
C64: Жаратылыстану бойынша практика
C65: Диплом алды практитка
C66: Мектептегі байқау практикасы
... C68: Педагогикалық байқау практикасына дайындық
A69: КМ 03 | B69: Кәсіби қызметте ағылшын тілін пайдалану | C69: Грамматика
C70: Фонетика
C71: Елтану
A72: КМ 04 | B72: Білім алушылардың білім мазмұнын меңгеру деңгейін зерделеу, білім сапасына мониторинг жүргізу | C72: Ғылыми –педагогикалық зерттеу әдістемесі
C73: Тәрбие жұмысының әдістемесі
C74: Менеджмент негіздері
C75: Жазғы практикаға дайындық
A76: ББҰАМ | B76: Білім беру ұйымы анықтайтын модульдер | C76: Білім беру ұйымы анықтайтын модульдер
A77: ББҰАМ 01 | C77: Сындарлы оқыту әдістемесі
A78: ББҰАМ 01 | B78: Білім алушының таңдау пәні | C78: Бастауыш мектептегі шетел тілі мұғалімі
C79: Білім алушының таңдау пәні бойынша оқу практикасы
C80: Білім алушының таңдау пәні бойынша практика
A82: АА 01 | B82: Аралық аттестаттау | C82: Аралық аттестаттау
A83: ҚА 01 | B83: Қорытынды аттестаттау | C83: Қорытынды аттестаттау
A85: Міндетті оқудың қорытындысы бойынша барлық сағат саны
A86: К 00 | B86: Кеңес беру
A87: Ф 00 | B87: Факультативтік сабақтар
B88: Барлығы:
J94: Директордың оқу жұмысы бюойынша орынбасары

Sheet РУП Банк ісі 
A1: Оқу үрдісінің жоспары
A2: Индекс | B2: Циклдер (модульдердің) атауы | C2: Пәндердің атауы | D2: Кредит саны / Количество кредитов | E2: Бақылау нысаны | H2: Оқу уақытының көлемі (сағат)
E3: Семестр бойынша бөлінуі | H3: Барлығы | I3: оның ішінде | M3: Семестр бойынша бөлінуі
E4: Емтихан | F4: Сынақ (дифференциалды сынақ) | G4: Бақылау жұмысы | I4: теориялық оқыту | J4: зертханалық - практикалық жұмыстар | K4: курсытқ жұмыс/жоба | L4: Өндірістік оқыту және/ немесе кәсіптік (педагогикалық) практика | M4: 1 курс | Q4: 2 курс | U4: 3 курс | Y4: 4 курс
M5: 1 сем. | O5: 2 сем. | Q5: 3 сем. | S5: 4 сем. | U5: 5 сем. | W5: 6 сем. | Y5: 7 сем. | AA5: 8 сем
N6: 20 | P6: 16 | R6: 8
A7: 1 | B7: 2 | C7: 3 | E7: 4 | F7: 5 | H7: 8 | I7: 9 | J7: 10 | L7: 11 | M7: 12 | N7: 13 | O7: 14 | P7: 15 | Q7: 16 | R7: 17 | S7: 18 | T7: 19 | U7: 20 | V7: 21 | W7: 22 | X7: 23 | Y7: 24 | Z7: 25 | AA7: 26 | AB7: 27
A8: ЖБП 00 | B8: Жалпы білім беретін пәндер | D8: 57 | H8: 1368 | AC8: Оқытушы
B9: =[1]Лист1!$B$9 -> Міндетті пәндер
A10: ЖБП 01 | C10: Қазақ тілі | D10: 4 | E10: 2 | H10: =N10+P10+R10 -> 96 | M10: 4 | N10: 80 | O10: 1 | P10: 16
A11: ЖБП 02 | C11: Қазақ әдебиеті | D11: 4 | H11: =N11+P11+R11 -> 96 | M11: 4 | N11: 80 | O11: 1 | P11: 16
A12: ЖБП 03 | C12: Орыс тілі және әдебиеті | D12: 5 | E12: 2 | H12: =N12+P12+R12 -> 120 | M12: 2 | N12: 40 | O12: 5 | P12: 80
A13: ЖБП 04 | C13: Шетел тілі | D13: 4 | H13: =N13+P13+R13 -> 96 | M13: 4 | N13: 80 | O13: 1 | P13: 16
A14: ЖБП 05 | C14: Қазақстан тарихы | D14: 4 | E14: 2 | H14: =N14+P14+R14 -> 96 | M14: 4 | N14: 80 | O14: 1 | P14: 16
A15: ЖБП 06 | C15: Математика | D15: 5 | E15: 2 | H15: =N15+P15+R15 -> 120 | M15: 2 | N15: 40 | O15: 5 | P15: 80
A16: ЖБП 07 | C16: Информатика | D16: 3 | H16: =N16+P16+R16 -> 72 | M16: 2 | N16: 40 | O16: 2 | P16: 32
A17: ЖБП 08 | C17: Алғашқы әскери және технологиялық дайындық | D17: 3 | H17: =N17+P17+R17 -> 72 | M17: 2 | N17: 40 | O17: 2 | P17: 32
A18: ЖБП 09 | C18: Өзін-өзі тану | D18: 2 | H18: =N18+P18+R18 -> 48 | O18: 3 | P18: 48
A19: ЖБП 10 | C19: Дене тәрбиесі | D19: 5 | H19: =N19+P19+R19 -> 120 | M19: 2 | N19: 40 | O19: 5 | P19: 80
B20: Таңдау бойынша пәндер | H20: =N20+P20+R20 -> 0
B21: Тереңдетілген деңгей: | H21: =N21+P21+R21 -> 0
A22: ЖБП 11 | C22: Биология | D22: 6 | E22: 2 | H22: =N22+P22+R22 -> 144 | M22: 4 | N22: 80 | O22: 4 | P22: 64
A23: ЖБП 12 | C23: Дүниежүзілік тарих | D23: 6 | H23: =N23+P23+R23 -> 144 | M23: 4 | N23: 80 | O23: 4 | P23: 64
B24: Таңдау бойынша пәндер | H24: =N24+P24+R24 -> 0
B25: Стандарттық деңгей: | H25: =N25+P25+R25 -> 0
A26: ЖБП 13 | C26: Физика | D26: 3 | H26: =N26+P26+R26 -> 72 | M26: =M16 -> 2 | N26: =N16 -> 40 | O26: =O16 -> 2 | P26: 32
A27: ЖБП 14 | C27: Графика и проектирование | D27: 3 | H27: =N27+P27+R27 -> 72 | Q27: 9 | R27: 72
A28: БМ | B28: Базалық модульдер | E28: 5 | M28: =SUM(M10:M27) -> 36 | N28: =SUM(N10:N27) -> 720 | O28: =SUM(O10:O27) -> 36 | P28: =SUM(P10:P27) -> 576 | Q28: =SUM(Q10:Q27) -> 9 | R28: =SUM(R10:R27) -> 72
A29: БМ 01 | B29: Кәсіби лексиканы қолдану | C29: Кәсіби орыс тілі
C30: Кәсіби шет тілі
A31: БМ 02 | B31: Мемлекеттік тілдегі іскерлік құжаттарды құрастыру | C31: Мемлекеттік тілде іс жүргізу
A32: БМ 03 | B32: Салауатты өмір салтын сақтай отырып, дене сапаларын дамыту | C32: Дене тәрбиесі
C33: Анатомия, физиология және гигиена
A34: БМ 04 | B34: Әлеуметтік-экономикалық ғылымдар негіздерін қолдану | C34: Экономика негіздері
C35: Философия негіздері
C36: Әлеуметтану және саясаттану негіздері
C37: Мәденииеттану
C38: Құқық негіздері
A39: БМ 05 | B39: Цифрлық сауаттылықты дамыту | C39: Ақпараттық-коммуникациялық технологиялар
A40: КМ | B40: Кәсіптік модульдер
A41: КМ 01 | B41: Оқу - тәрбие үрдісін тиімді ұйымдастыру | C41: Педагогика
C42: Психология
C43: Жаңа педагогикалық технологиялар
C44: Этнопедагогика
C45: Педагогикалық шеберліктің негіздері
C46: Сыныптан тыс жұмыс технологиясы практикасы
C47: "Баланың мектептегі алғашқы күндері" практикасы
C48: Сауықтыру лагерінде жазғы практиканы ұйымдастыру
A49: КМ 02 | B49: Бастауыш білім берудің мемлекеттік жалпыға міндетті стандартын, оқу-бағдарламалық құжаттарды пайдалану | C49: Қазіргі қазақ тілі, қазақ тілін оқыту әдістемесі, каллиграфия
C52: Математиканың теориялық негіздері және бастауыш класта математиканы оқыту әдістемесі
C54: Жаратылыстану және дүниетануды оқыту әдістемесі
C55: Өзін-өзі тану оқыту әдістемесі
C56: Дене тәрбиесі және оқыту әдістемесі, ырғақ
C58: Технология және оқыту әдістемесі
C59: Көркем еңбек және оқыту әдістемесі
C60: Музыка, музыкалық білім беру әдістемесі
C61: Балалар әдебиеті және мәнерлеп оқу практикумы
C63: Шағын жинақталған мектепте оқу-тәрбие процесін ұйымдастыру
C64: Жаратылыстану бойынша практика
C65: Диплом алды практитка
C66: Мектептегі байқау практикасы
... C68: Педагогикалық байқау практикасына дайындық
A69: КМ 03 | B69: Кәсіби қызметте ағылшын тілін пайдалану | C69: Грамматика
C70: Фонетика
C71: Елтану
A72: КМ 04 | B72: Білім алушылардың білім мазмұнын меңгеру деңгейін зерделеу, білім сапасына мониторинг жүргізу | C72: Ғылыми –педагогикалық зерттеу әдістемесі
C73: Тәрбие жұмысының әдістемесі
C74: Менеджмент негіздері
C75: Жазғы практикаға дайындық
A76: ББҰАМ | B76: Білім беру ұйымы анықтайтын модульдер | C76: Білім беру ұйымы анықтайтын модульдер
A77: ББҰАМ 01 | C77: Сындарлы оқыту әдістемесі
A78: ББҰАМ 01 | B78: Білім алушының таңдау пәні | C78: Бастауыш мектептегі шетел тілі мұғалімі
C79: Білім алушының таңдау пәні бойынша оқу практикасы
C80: Білім алушының таңдау пәні бойынша практика
A82: АА 01 | B82: Аралық аттестаттау | C82: Аралық аттестаттау
A83: ҚА 01 | B83: Қорытынды аттестаттау | C83: Қорытынды аттестаттау
A85: Міндетті оқудың қорытындысы бойынша барлық сағат саны
A86: К 00 | B86: Кеңес беру
A87: Ф 00 | B87: Факультативтік сабақтар
B88: Барлығы:
J94: Директордың оқу жұмысы бюойынша орынбасары

Sheet титульный сиб
A3: Министерство науки и образования Республики Казахстан
A4: ТОО Экибстузский Колледж Инновационного Евразийского Университета
B7: КЕЛІСІЛДІ | V7: БЕКІТЕМІН
B8: председатель ИС, директор КГУ СОШ №18 | V8: Колледж Директоры
B9: г. Экибастуз | V9: ____________К.Каржасов
B10: ____________ Е.Қ. Зәкен | V10: "_______"_____________ 2021ж.
B11: "_______"_____________ 2021ж.
G14: РАБОЧИЙУЧЕБНЫЙ ПЛАН
G15: Техническое и профессиональное образование
G16: Код и наименование уровня: 06 Информационно-коммуникационные технологии
G17: 061 Информационно-коммуникационные технологии
G18: 06120100 - Системы информационной безопасности
G19: 4S06120202 - Техник информационной безопасности
G27: Форма бучения- очная
G28: На базе основного среднего образования
G29: срок обучения: 3г.10 месяцев

Sheet график
K5: График учебного процесса
B7: қыркүйек | F7: қазан | K7: қараша | O7: желтоқсан | S7: қаңтар | X7: ақпан | AB7: наурыз | AF7: сәуір | AK7: мамыр | AO7: маусым | AS7: шілде | AX7: тамыз
B8: 1 | C8: 2 | D8: 3 | E8: 4 | F8: 5 | G8: 6 | H8: 7 | I8: 8 | J8: 9 | K8: 10 | L8: 11 | M8: 12 | N8: 13 | O8: 14 | P8: 15 | Q8: 16 | R8: 17 | S8: 18 | T8: 19 | U8: 20 | V8: 21 | W8: 22 | X8: 23 | Y8: 24 | Z8: 25 | AA8: 26 | AB8: 27 | AC8: 28 | AD8: 29 | AE8: 30 | AF8: 31 | AG8: 32 | AH8: 33 | AI8: 34 | AJ8: 35 | AK8: 36 | AL8: 37 | AM8: 38 | AN8: 39 | AO8: 40 | AP8: 41 | AQ8: 42 | AR8: 43 | AS8: 44 | AT8: 45 | AU8: 46 | AV8: 47 | AW8: 48 | AX8: 49 | AY8: 50 | AZ8: 51 | BA8: 52
B9: 1 | C9: 8 | D9: 15 | E9: 22 | F9: 29 | G9: 6 | H9: 13 | I9: 20 | J9: 27 | K9: 3 | L9: 10 | M9: 17 | N9: 24 | O9: 1 | P9: 8 | Q9: 15 | R9: 22 | S9: 29 | T9: 5 | U9: 12 | V9: 19 | W9: 26 | X9: 2 | Y9: 9 | Z9: 16 | AA9: 23 | AB9: 2 | AC9: 9 | AD9: 16 | AE9: 23 | AF9: 30 | AG9: 6 | AH9: 13 | AI9: 20 | AJ9: 27 | AK9: 4 | AL9: 11 | AM9: 18 | AN9: 25 | AO9: 1 | AP9: 8 | AQ9: 15 | AR9: 22 | AS9: 29 | AT9: 6 | AU9: 13 | AV9: 20 | AW9: 27 | AX9: 3 | AY9: 10 | AZ9: 17 | BA9: 24
B10: 7 | C10: 14 | D10: 21 | E10: 28 | F10: 5 | G10: 12 | H10: 19 | I10: 26 | J10: 2 | K10: 9 | L10: 16 | M10: 23 | N10: 30 | O10: 7 | P10: 14 | Q10: 21 | R10: 28 | S10: 4 | T10: 11 | U10: 18 | V10: 25 | W10: 1 | X10: 8 | Y10: 15 | Z10: 22 | AA10: 1 | AB10: 8 | AC10: 15 | AD10: 22 | AE10: 29 | AF10: 5 | AG10: 12 | AH10: 19 | AI10: 26 | AJ10: 3 | AK10: 10 | AL10: 17 | AM10: 24 | AN10: 31 | AO10: 7 | AP10: 14 | AQ10: 21 | AR10: 28 | AS10: 5 | AT10: 12 | AU10: 19 | AV10: 26 | AW10: 2 | AX10: 9 | AY10: 16 | AZ10: 23 | BA10: 31
A11: I | U11: 20 | V11: К | W11: К | AM11: 16 | AN11: Лс | AO11: О | AP11: О | AQ11: ПА | AR11: ПА | AS11: К | AT11: К | AU11: К | AV11: К | AW11: К | AX11: К | AY11: К | AZ11: К | BA11: К
A12: IІ | I12: 8 | J12: K | K12: K | W12: 12 | X12: Р | Y12: Э | Z12: У | AA12: У | AB12: У | AC12: У | AD12: У | AE12: У | AF12: У | AG12: У | AH12: У | AI12: У | AJ12: У | AK12: У | AL12: У | AM12: У | AN12: У | AO12: У | AP12: У | AQ12: У | AR12: У | AS12: К | AT12: К | AU12: К | AV12: К | AW12: К | AX12: К | AY12: К | AZ12: К | BA12: К
A13: IІІ | M13: 12 | N13: К | O13: К | AA13: 12 | AB13: У | AC13: У | AD13: У | AE13: У | AF13: У | AG13: У | AH13: У | AI13: У | AJ13: У | AK13: У | AL13: У | AM13: У | AN13: У | AO13: У | AP13: У | AQ13: ПА | AR13: ПА
A14: IV | I14: 8 | J14: ПА | K14: К | L14: К | M14: У | N14: У | O14: У | P14: У | Q14: У | R14: У | S14: Р | T14: Р | U14: П | V14: П | W14: П | X14: П | Y14: П | Z14: П | AA14: П | AB14: П | AC14: Пд | AD14: Пд | AE14: Пд | AF14: Пд | AG14: Пд | AH14: Пд | AI14: Пд | AJ14: Пд | AK14: Д | AL14: Д | AM14: Д | AN14: Д | AO14: Д | AP14: Д | AQ14: ИА | AR14: ИА
D16: Теоретическое обучение | N16: Р | P16: Резерв | Z16: Д | AA16: Демалыс | AH16: О | AJ16: Өндірістік оқыту
B17: Лс | D17: Летние полевые сборы | N17: Э | P17: Промежуточная аттестация | Z17: Қа | AA17: Қорытынды аттестаттау | AH17: Өнд | AJ17: Өндірістік практикасы
V21: II Бюджет бойынша жиынтық көресткіш
AU22: КР | AV22: ЧАСЫ | AX22: НЕД
A23: Курс | E23: Теориялық оқыту | L23: Аралық аттестаттау | P23: Өндірістік оқыту/ Өндірістік практика | AA23: Қорытынды аттестаттау | AE23: Резерв | AH23: Демалыс | AK23: Летние полевые сборы | AN23: Оқу жылындағы барлық апта | AU23: 132 | AV23: 3168 | AX23: 88 | AY23: Т
E24: неделя | H24: час | J24: кредит | P24: оқу | V24: Өндірістік | AU24: 9 | AV24: 216 | AX24: 6 | AY24: ПА
A25: I | E25: 36 | H25: =E25*36 -> 1296 | J25: =H25/24 -> 54 | L25: 2 | P25: 2 | V25: 0 | AA25: 0 | AE25: 0 | AH25: 11 | AK25: 1 | AN25: =E25+L25+P25+V25+AA25+AE25+AH25+AK25 -> 52 | AU25: 96 | AV25: 2304 | AX25: 64 | AY25: ПРАКТИКА
A26: IІ | E26: 20 | H26: =E26*36 -> 720 | J26: =H26/24 -> 30 | L26: 1 | P26: 19 | V26: 0 | AA26: 0 | AE26: 1 | AH26: 11 | AK26: 0 | AN26: =E26+L26+P26+V26+AA26+AE26+AH26+AK26 -> 52 | AU26: 3 | AV26: 72 | AX26: 2 | AY26: ИА
A27: IІІ | E27: 24 | H27: =E27*36 -> 864 | J27: =H27/24 -> 36 | L27: 2 | P27: 15 | V27: 0 | AA27: 0 | AE27: 0 | AH27: 11 | AK27: 0 | AN27: =E27+L27+P27+V27+AA27+AE27+AH27+AK27 -> 52 | AU27: =AU23+AU24+AU25+AU26 -> 240 | AV27: =AV23+AV24+AV25+AV26 -> 5760 | AX27: =AX23+AX24+AX25+AX26 -> 160
A28: IV | E28: 8 | H28: =E28*36 -> 288 | J28: =H28/24 -> 12 | L28: 1 | P28: 6 | V28: 22 | AA28: 2 | AE28: 2 | AH28: 2 | AK28: 0 | AN28: =E28+L28+P28+V28+AA28+AE28+AH28+AK28 -> 43
A29: Всего | E29: =E25+E26+E27+E28 -> 88 | H29: =H25+H26+H27+H28 -> 3168 | J29: =J25+J26+J27+J28 -> 132 | L29: =L25+L26+L27+L28 -> 6 | P29: =P25+P26+P27+P28 -> 42 | V29: =V25+V26+V27+V28 -> 22 | AA29: =AA25+AA26+AA27+AA28 -> 2 | AE29: =AE25+AE26+AE27+AE28 -> 3 | AH29: =AH25+AH26+AH27 -> 33 | AK29: =AK25+AK26+AK27 -> 1 | AN29: =E29+L29+P29+V29+AA29+AE29+AH29+AK29 -> 197

Sheet ВЕРНО РУП база9 СИБ 21-22) 
A1: План учебного процесса
A2: Индекс | B2: Наименование модулей и видов учебной деятельности | C2: Наименование дисциплин | D2: Кредит саны / Количество кредитов | E2: Форма контроля | H2: обьем учебного времени
E3: по семестрам | H3: Всего | I3: в том числе | M3: Распределение по курсам и семестрам
E4: Экзамен | F4: дифференцированный зачет | G4: конртольные работы | I4: теоретические | J4: лаборатонро-практические | K4: Курсовой проект /работа | L4: Производственное обучение/ профессиональная практика | M4: 1 курс | Q4: 2 курс | U4: 3 курс | Y4: 4 курс
M5: 1 сем. | O5: 2 сем. | Q5: 3 сем. | S5: 4 сем. | U5: 5 сем. | W5: 6 сем. | Y5: 7 сем. | AA5: 8 сем
N6: 20 | P6: 16 | R6: 8 | T6: 12 | V6: 12 | X6: 12 | Z6: 8
A7: 1 | B7: 2 | C7: 3 | E7: 4 | F7: 5 | H7: 8 | I7: 9 | K7: 10 | L7: 11 | M7: 12 | N7: 13 | O7: 14 | P7: 15 | Q7: 16 | R7: 17 | S7: 18 | T7: 19 | U7: 20 | V7: 21 | W7: 22 | X7: 23 | Y7: 24 | Z7: 25 | AA7: 26 | AB7: 27
A8: ООД00 | B8: Модуль "Общеобразовательные дисциплины" | D8: =D10+D11+D12+D13+D14+D15+D16+D17+D18+D19+D22+D23+D25+D26+D27 -> 60 | E8: =E10+E11+E12+E13+E14+E15+E16+E17+E18+E19+E22+E23+E25+E26+E27 -> 10 | F8: =F10+F11+F12+F13+F14+F15+F16+F17+F18+F19+F22+F23+F25+F26+F27 -> 10 | G8: =G10+G11+G12+G13+G14+G15+G16+G17+G18+G19+G22+G23+G25+G26+G27 -> 5 | H8: =H10+H11+H12+H13+H14+H15+H16+H17+H18+H19+H22+H23+H25+H26+H27 -> 1368 | I8: =I10+I11+I12+I13+I14+I15+I16+I17+I18+I19+I22+I23+I25+I26+I27 -> 692 | J8: =J10+J11+J12+J13+J14+J15+J16+J17+J18+J19+J22+J23+J25+J26+J27 -> 676 | K8: =K10+K11+K12+K13+K14+K15+K16+K17+K18+K19+K22+K23+K25+K26+K27 -> 0 | ... AB8: =AB10+AB11+AB12+AB13+AB14+AB15+AB16+AB17+AB18+AB19+AB22+AB23+AB25+AB26+AB27 -> 0
B9: Обьязательные предметы
A10: ООД01 | C10: Русский язык | D10: 3 | E10: 2 | F10: 1 | G10: 1 | H10: =N10+P10+R10 -> 72 | I10: =H10-J10 -> 17 | J10: 55 | M10: 2 | N10: 40 | O10: 2 | P10: 32
A11: ООД02 | C11: Русская литература | D11: 3 | F11: 1.2 | G11: 1 | H11: =N11+P11+R11 -> 72 | I11: =H11-J11 -> 38 | J11: 34 | M11: 2 | N11: 40 | O11: 2 | P11: 32
A12: ООД03 | C12: Казахский язык и литература | D12: 4 | E12: 2 | F12: 1 | G12: 1 | H12: =N12+P12+R12 -> 96 | I12: =H12-J12 -> 23 | J12: 73 | M12: 4 | N12: 80 | O12: 1 | P12: 16
A13: ООД04 | C13: Иностранный язык | D13: 4 | F13: 1.2 | G13: 1 | H13: =N13+P13+R13 -> 96 | I13: =H13-J13 -> 16 | J13: 80 | M13: 4 | N13: =N12 -> 80 | O13: =O12 -> 1 | P13: 16
A14: ООД05 | C14: История Казахстана | D14: 4 | E14: 2 | H14: =N14+P14+R14 -> 96 | I14: =H14-J14 -> 62 | J14: 34 | M14: 4 | N14: 80 | O14: 1 | P14: 16
A15: ООД06 | C15: Математика | D15: 8 | E15: 2 | F15: 1 | G15: 1 | H15: =N15+P15+R15 -> 192 | I15: =H15-J15 -> 112 | J15: 80 | M15: 6 | N15: 120 | O15: 4 | P15: 64 | Q15: 1 | R15: 8
A16: ООД07 | C16: Информатика | D16: 3 | F16: 1.2 | H16: =N16+P16+R16 -> 72 | I16: =H16-J16 -> 42 | J16: 30 | M16: 2 | N16: 40 | O16: 2 | P16: 32
A17: ООД08 | C17: Начальная военная и технологическая подготовка | D17: 4 | F17: 1.2 | H17: =N17+P17+R17 -> 96 | I17: =H17-J17 -> 66 | J17: 30 | O17: 6 | P17: 96
A18: ООД09 | C18: Самопознание | D18: 2 | H18: =N18+P18+R18 -> 48 | I18: =H18-J18 -> 12 | J18: 36 | O18: 3 | P18: 48
A19: ООД10 | C19: Физическая культура | D19: 5 | F19: 1.2 | H19: =N19+P19+R19 -> 120 | I19: =H19-J19 -> 0 | J19: 120 | M19: 2 | N19: 40 | O19: 5 | P19: 80
B20: Предметы по выбору
B21: Углубленный уровень :
A22: ООД11 | C22: Химия | D22: 6 | H22: =N22+P22+R22 -> 144 | I22: =H22-J22 -> 122 | J22: 22 | M22: 4 | N22: 80 | O22: 3 | P22: 48 | Q22: 2 | R22: 16
A23: ООД12 | C23: Физика | D23: 6 | E23: 2 | F23: 1 | H23: =N23+P23+R23 -> 144 | I23: =H23-J23 -> 118 | J23: 26 | M23: 4 | N23: 80 | O23: 4 | P23: 64
B24: Стандартный уровень:
A25: ООД13 | C25: Всемирная история | D25: 3 | H25: =N25+P25+R25 -> 72 | I25: =H25-J25 -> 32 | J25: 40 | M25: =M16 -> 2 | N25: 40 | O25: =O16 -> 2 | P25: 32
A26: ООД14 | C26: География | D26: 2 | H26: =N26+P26+R26 -> 48 | I26: =H26-J26 -> 32 | J26: 16 | Q26: 6 | R26: 48
C27: Ознакомительная практика | D27: 3 | L27: 72
A28: БМ | B28: Базовые модули | D28: =D29+D30+D31+D32+D33+D34+D35+D36+D37+D38+D39 -> 19 | E28: =E29+E30+E31+E32+E33+E34+E35+E36+E37+E38+E39 -> 0 | F28: =F29+F30+F31+F32+F33+F34+F35+F36+F37+F38+F39 -> 44 | G28: =G29+G30+G31+G32+G33+G34+G35+G36+G37+G38+G39 -> 7 | H28: =H29+H30+H31+H32+H33+H34+H35+H36+H37+H38+H39 -> 456 | I28: =I29+I30+I31+I32+I33+I34+I35+I36+I37+I38+I39 -> 162 | J28: =J29+J30+J31+J32+J33+J34+J35+J36+J37+J38+J39 -> 294 | K28: =K29+K30+K31+K32+K33+K34+K35+K36+K37+K38+K39 -> 0 | ... AB28: =AB29+AB30+AB31+AB32+AB33+AB34+AB35+AB36+AB37+AB38+AB39 -> 0
A29: БМ 01 | B29: Развитие и совершенствование физических качеств | C29: РО 1.1. Укреплять здоровье и соблюдать принципы здорового образа жизни. | D29: =H29/24 -> 3.5 | G29: 1 | H29: =N29+P29+R29+T29+V29+X29+Z29+AB29 -> 84 | I29: =H29-J29 -> 0 | J29: 84 | Q29: 3 | R29: 24 | S29: 1 | T29: 12 | U29: 1 | V29: 12 | W29: 1 | X29: 12 | Y29: 3 | Z29: 24
A30: БМ 01 | B30: Развитие и совершенствование физических качеств | C30: РО 1.2. Совершенствовать физические качества и психофизиологические способности | D30: =H30/24 -> 3.5 | F30: 7 | G30: 1 | H30: =N30+P30+R30+T30+V30+X30+Z30+AB30 -> 84 | I30: =H30-J30 -> 0 | J30: 84 | Q30: 3 | R30: 24 | S30: 1 | T30: 12 | U30: 1 | V30: 12 | W30: 1 | X30: 12 | Y30: 3 | Z30: 24
A31: БМ 02 | B31: Владение стандартами делопроизводства и современными информационными технологиями | C31: РО 2.1. Владеть основами информационно-коммуникационных технологий. | D31: =H31/24 -> 2 | G31: 1 | H31: =N31+P31+R31+T31+V31+X31+Z31+AB31 -> 48 | I31: =H31-J31 -> 24 | J31: 24 | S31: 4 | T31: 48
C32: РО 2.2.Составлять на государственном языке деловые документы | D32: =H32/24 -> 3 | F32: 7 | G32: 1 | H32: =N32+P32+R32+T32+V32+X32+Z32+AB32 -> 72 | I32: =H32-J32 -> 0 | J32: 72 | W32: 2 | X32: 24 | Y32: 6 | Z32: 48
A33: БМ 03 | B33: Применение базовых знаний экономики и основ предпринимательства | C33: РО 3.1. Владеть основными вопросами в области экономики | D33: =H33/24 -> 1 | F33: 6 | H33: =N33+P33+R33+T33+V33+X33+Z33+AB33 -> 24 | I33: =H33-J33 -> 24 | J33: 0 | W33: 2 | X33: 24
C34: РО 3.2. Владеть законодательными основами организации и ведения предпринимательской деятельности в Республике Казахстан | D34: =H34/24 -> 1 | F34: 6 | H34: =N34+P34+R34+T34+V34+X34+Z34+AB34 -> 24 | I34: =H34-J34 -> 16 | J34: 8 | W34: 2 | X34: 24
C35: РО 3.3. Соблюдать этику делового общения | D35: =H35/24 -> 1 | H35: =N35+P35+R35+T35+V35+X35+Z35+AB35 -> 24 | I35: =H35-J35 -> 2 | J35: 22 | Y35: 3 | Z35: 24
A36: БМ 04 | B36: Применение основ социальных наук для социализации и адаптации в обществе и трудовом коллективе | C36: РО 4.1. Понимать морально-нравственные ценности и нормы | D36: =H36/24 -> 1 | H36: =N36+P36+R36+T36+V36+X36+Z36+AB36 -> 24 | I36: =H36-J36 -> 24 | J36: 0 | Y36: 3 | Z36: 24
C37: РО 4.2. Понимать роль и место культуры народов Республики Казахстан в мировой цивилизации | D37: =H37/24 -> 1 | F37: 7 | G37: 1 | H37: =N37+P37+R37+T37+V37+X37+Z37+AB37 -> 24 | I37: =H37-J37 -> 24 | J37: 0 | Y37: 3 | Z37: 24
C38: РО 4.3. Владеть сведениями об основных отраслях права | D38: =H38/24 -> 1 | F38: 5 | G38: 1 | H38: =N38+P38+R38+T38+V38+X38+Z38+AB38 -> 24 | I38: =H38-J38 -> 24 | J38: 0 | U38: 2 | V38: 24
C39: РО 4.4. Владеть основными понятиями социологии и политологии | D39: =H39/24 -> 1 | F39: 6 | G39: 1 | H39: =N39+P39+R39+T39+V39+X39+Z39+AB39 -> 24 | I39: =H39-J39 -> 24 | J39: 0 | W39: 2 | X39: 24
B40: Квалификация «4S06120202 – Техник по информационной безопасности»
B41: Профессиональные модули | D41: =D42+D43+D44+D45+D46+D47+D48+D49+D50+D51+D52+D53+D54+D55+D56+D57+D58+D59+D60+D61+D62+D63+D64+D65+D66+D67+D68+D70+D71 -> 149 | E41: =E42+E43+E44+E45+E46+E47+E48+E49+E50+E51+E52+E53+E54+E55+E56+E57+E58+E59+E60+E61+E62+E63+E64+E65+E66+E67+E68+E70+E71 -> 33 | F41: =F42+F43+F44+F45+F46+F47+F48+F49+F50+F51+F52+F53+F54+F55+F56+F57+F58+F59+F60+F61+F62+F63+F64+F65+F66+F67+F68+F70+F71 -> 58 | G41: =G42+G43+G44+G45+G46+G47+G48+G49+G50+G51+G52+G53+G54+G55+G56+G57+G58+G59+G60+G61+G62+G63+G64+G65+G66+G67+G68+G70+G71 -> 10 | H41: =H42+H43+H44+H45+H46+H47+H48+H49+H50+H51+H52+H53+H54+H55+H56+H57+H58+H59+H60+H61+H62+H63+H64+H65+H66+H67+H68+H70+H71 -> 1344 | I41: =I42+I43+I44+I45+I46+I47+I48+I49+I50+I51+I52+I53+I54+I55+I56+I57+I58+I59+I60+I61+I62+I63+I64+I65+I66+I67+I68+I70+I71 -> 722 | J41: =J42+J43+J44+J45+J46+J47+J48+J49+J50+J51+J52+J53+J54+J55+J56+J57+J58+J59+J60+J61+J62+J63+J64+J65+J66+J67+J68+J70+J71 -> 622 | K41: =K42+K43+K44+K45+K46+K47+K48+K49+K50+K51+K52+K53+K54+K55+K56+K57+K58+K59+K60+K61+K62+K63+K64+K65+K66+K67+K68+K70+K71 -> 30 | ... AB41: =AB42+AB43+AB44+AB45+AB46+AB47+AB48+AB49+AB50+AB51+AB52+AB53+AB54+AB55+AB56+AB57+AB58+AB59+AB60+AB61+AB62+AB63+AB64+AB65+AB66+AB67+AB68+AB70+AB71 -> 0
A42: ПМ 01 | B42: Настройка безопасности корпоративных информационных систем | C42: РО 1.1. Управлять принципами организации и информационной безопасности корпоративных информационных систем | D42: =H42/24 -> 2 | F42: 4 | G42: 1 | H42: =N42+P42+R42+T42+V42+X42+Z42+AB42 -> 48 | I42: =H42-J42 -> 22 | J42: 26 | Q42: 3 | R42: 24 | S42: 2 | T42: 24
C43: РО 1.2. Выполнять настройку сервера | D43: =H43/24 -> 3.5 | E43: 4 | G43: 1 | H43: =N43+P43+R43+T43+V43+X43+Z43+AB43 -> 84 | I43: =H43-J43 -> 54 | J43: 30 | Q43: 6 | R43: 48 | S43: 3 | T43: 36
C44: РО 1.3. Конфигурировать службу удаленного доступа. | D44: =H44/24 -> 4 | F44: 4 | G44: 1 | H44: =N44+P44+R44+T44+V44+X44+Z44+AB44 -> 96 | I44: =H44-J44 -> 62 | J44: 34 | K44: 30 | Q44: 3 | R44: 24 | S44: 6 | T44: 72
C45: РО 1.4. Обеспечивать защиту информационной инфраструктуры? | D45: =H45/24 -> 2 | F45: 5 | G45: 1 | H45: =N45+P45+R45+T45+V45+X45+Z45+AB45 -> 48 | I45: =H45-J45 -> 48 | J45: 0 | S45: 2 | T45: 24 | U45: 2 | V45: 24
C46: Настраивать безопасность корпоративных информационных систем (учебная практика) | D46: =L46/24 -> 10.5 | L46: 252
A47: ПМ 02 | B47: Проектирование эффективных систем хранения, обработки и защиты данных с использованием языков программирования | C47: РО 2.1. Применять методы структурного программирования | D47: =H47/24 -> 5 | E47: 4 | H47: =N47+P47+R47+T47+V47+X47+Z47+AB47 -> 120 | I47: =H47-J47 -> 52 | J47: 68 | Q47: 9 | R47: 72 | S47: 4 | T47: 48
C48: РО 2.2. Применять эффективные системы для хранения, обработки и защиты данных | D48: =H48/24 -> 2 | F48: 4 | G48: 1 | H48: =N48+P48+R48+T48+V48+X48+Z48+AB48 -> 48 | I48: =H48-J48 -> 28 | J48: 20 | S48: 4 | T48: 48
C49: РО 2.3. Проектировать системы управления баз данных | D49: =H49/24 -> 4 | E49: 7 | H49: =N49+P49+R49+T49+V49+X49+Z49+AB49 -> 96 | I49: =H49-J49 -> 44 | J49: 52 | W49: 4 | X49: 48 | Y49: 6 | Z49: 48
C50: PO 2.4. Разрабатывать приложения | D50: =H50/24 -> 4 | F50: 7 | G50: 1 | H50: =N50+P50+R50+T50+V50+X50+Z50+AB50 -> 96 | I50: =H50-J50 -> 56 | J50: 40 | U50: 2 | V50: 24 | W50: 4 | X50: 48 | Y50: 3 | Z50: 24
C51: РО 2.5. Создавать и редактировать Web-ресурсы | D51: =H51/24 -> 4 | H51: =N51+P51+R51+T51+V51+X51+Z51+AB51 -> 96 | I51: =H51-J51 -> 28 | J51: 68 | U51: 4 | V51: 48 | W51: 4 | X51: 48
C52: Проектировать эффективные систем хранения, обработки и защиты данных с использованием языков программирования (учебная практика) | D52: =L52/24 -> 12 | L52: 288
A53: ПМ 03 | B53: Применение криптографических методов и средств защиты информации | C53: РО 3.1 Применять средства криптографической защиты информации. | D53: =H53/24 -> 5 | E53: 6 | G53: 1 | H53: =N53+P53+R53+T53+V53+X53+Z53+AB53 -> 120 | I53: =H53-J53 -> 64 | J53: 56 | S53: 2 | T53: 24 | U53: 4 | V53: 48 | W53: 4 | X53: 48
C54: РО 3.2. Разрабатывать требуемую организационно-распорядительную документацию | D54: =H54/24 -> 1 | F54: 4 | H54: =N54+P54+R54+T54+V54+X54+Z54+AB54 -> 24 | I54: =H54-J54 -> 14 | J54: 10 | S54: 2 | T54: 24
C55: Применять криптографические методы и средства защиты информации (учебная практика) | D55: =L55/24 -> 7.5 | L55: 180
C56: Обеспечивать информационную безопасность (учебная практика по защите информации) | D56: =L56/24 -> 12 | L56: 288
A57: ПМ 04 | B57: Администрирование и поддержка работоспособности программно-аппаратных средств защиты информации и обеспечения информационной безопасности | C57: РО 4.1. Администрировать механизмы безопасности | D57: =H57/24 -> 4 | E57: 6 | G57: 1 | H57: =N57+P57+R57+T57+V57+X57+Z57+AB57 -> 96 | I57: =H57-J57 -> 60 | J57: 36 | S57: 2 | T57: 24 | U57: 4 | V57: 48 | W57: 2 | X57: 24
C58: РО 4.2. Реагировать на инциденты информационной безопасности | D58: =H58/24 -> 3 | F58: 6 | H58: =N58+P58+R58+T58+V58+X58+Z58+AB58 -> 72 | I58: =H58-J58 -> 48 | J58: 24 | U58: 4 | V58: 48 | W58: 2 | X58: 24
C59: РО 4.3. Планировать процессы управления и обеспечения информационной безопасности организации | D59: =H59/24 -> 3.5 | F59: 5 | H59: =N59+P59+R59+T59+V59+X59+Z59+AB59 -> 84 | I59: =H59-J59 -> 48 | J59: 36 | S59: 3 | T59: 36 | U59: 4 | V59: 48
C60: РО 4.4. Контролировать процессы управления и обеспечения ИБ организации. | D60: =H60/24 -> 4 | E60: 6 | G60: 1 | H60: =N60+P60+R60+T60+V60+X60+Z60+AB60 -> 96 | I60: =H60-J60 -> 52 | J60: 44 | U60: 4 | V60: 48 | W60: 4 | X60: 48
C61: РО 4.5. Тестировать аппаратно- программные средства обеспечения информационной безопасности. | D61: =H61/24 -> 2 | F61: 7 | G61: 1 | H61: =N61+P61+R61+T61+V61+X61+Z61+AB61 -> 48 | I61: =H61-J61 -> 18 | J61: 30 | Y61: 6 | Z61: 48
C62: Восстанавливать работоспособность аппаратно- программных средств обеспечения ИБ (учебная практика) | D62: =L62/24 -> 4.5 | L62: 108
C63: Анализировать защищенность, проектировать и созданию безопасной конфигурации информационной системы. (учебная практика) | D63: =L63/24 -> 4.5 | L63: 108
C64: Тестировать сетевую безопасность (учебная практика) | D64: =L64/24 -> 4.5 | L64: 108
C65: Управленять и обеспечивать ИБ организации (учебная практика) | D65: =L65/24 -> 4.5 | L65: 108
C66: Производственно-технологическая практика | D66: =L66/24 -> 12 | L66: 288
C67: Преддипломная практика | D67: =L67/24 -> 12 | L67: 288
C68: Дипломирование | D68: =L68/24 -> 9 | L68: 216
A69: МОО | B69: Модули, определяемые организацией образования | C69: Модули, определяемые организацией образования | D69: =H69/24 -> 0
A70: МОО 01 | B70: Применение ИКТ при составлении электрических схем | C70: РО 1.1 Применять ИКТ при составлении электрических схем автоматизации | D70: 2 | F70: 6 | H70: =N70+P70+R70+T70+V70+X70+Z70+AB70 -> 24 | I70: =H70-J70 -> -6 | J70: 30 | W70: 2 | X70: 24
C71: РО 1.2 Применять ИКТ при составлении электрических схем робототехники | D71: 1 | F71: 6 | H71: =N71+P71+R71+T71+V71+X71+Z71+AB71 -> 48 | I71: =H71-J71 -> 30 | J71: 18 | U71: 4 | V71: 48
A72: ПА 01 | B72: Промежуточная аттестация | C72: Промежуточная аттестация | D72: 9
B73: Профессиональная практика | C73: Профессиональная практика | D73: 96
A74: ИА 01 | B74: Итоговая аттестация | C74: Итоговая аттестация | D74: 3
A75: К 00 | B75: Консультации | D75: =H75/24 -> 0
A76: Ф 00 | B76: Факультативные занятия | D76: 5
A77: Ф 01 | B77: Web-дизайн и разработка | W77: 4 | X77: 48
A78: Ф 02 | B78: Искусственный интеллект | Y78: 4 | Z78: 32
B79: Всего: | D79: =D8+D28+D41+D72+D74 -> 240 | E79: =E8+E28+E41+E72+E74 -> 43 | F79: =F8+F28+F41+F72+F74 -> 112 | G79: =G8+G28+G41+G72+G74 -> 22 | H79: =H8+H28+H41+H72+H74 -> 3168 | I79: =I8+I28+I41+I72+I74 -> 1576 | J79: =J8+J28+J41+J72+J74 -> 1592 | K79: =K8+K28+K41+K72+K74 -> 30 | ... AB79: =AB8+AB28+AB41+AB72+AB74 -> 0
F81: Заместитель директора по учебной работе
